 Dungeon Crawl Stone Soup version 0.31.0-32-g396128a36d (webtiles) character file.

Game seed: 12591991928136228560

1866359 raetorn the Sabretooth (level 25, 178/178 (191) HPs)
             Began as a Felid Monk on Mar 11, 2024.
             Was the Champion of Ru.
             Escaped with the Orb
             ... and 3 runes on Mar 12, 2024!
             The game lasted 02:54:14 (55477 turns).

raetorn the Sabretooth (Felid Monk)                Turns: 55477, Time: 02:54:15

HP:   178/178 (191) AC: 35    Str: 19    XL:     25   Next: 25%
MP:   28/32         EV: 44    Int: 14    God:    Ru [******]
Gold: 6148          SH:  0    Dex: 19    Spells: 27/40 levels left
                                        Lives: 2   Deaths: 7

rFire   + +          .
                       - Unarmed
rCold   . . .        (shield unavailable)
rNeg    + . .        (body armour unavailable)
rPois   ∞            (helmet unavailable)
rElec   +            (cloak unavailable)
rCorr   .            (gloves unavailable)
SInv    +            (boots unavailable)
Will    +++..        i - amulet "Royrew" {Faith Regen+}
Stlth   ++++         K - ring of protection from fire
HPRegen 1.29/turn    a - ring of Mayw Rea {rF+ EV+5}
MPRegen 0.23/turn

%: faith
@: statue-form, drained, very slow
A: slow and powerful, torment resistance 1, boosted hp, very small, claws 1,
fangs 3, see invisible, clumsy 1, low MP 1, (shaggy fur 3), inability to use
devices, hated by all, no fire magic, no hexes magic, no necromancy magic,
inexperienced 1, stealthy paws, no weapons or thrown items, no armour,
multi-lived, horns 1, deterioration 1, strong 1
0: Orb of Zot
}: 3/15 runes: decaying, slimy, gossamer
a: Begin Untransformation, Renounce Religion, Draw Out Power, Power Leap,
Apocalypse


You escaped.
You worshipped Ru.
Ru was exalted by your worship.
You were a living statue of rough stone.
You visited 11 branches of the dungeon, and saw 54 of its levels.
You also visited: Sewer, Ice Cave and Wizlab.

You collected 8261 gold pieces.
You spent 2113 gold pieces at shops.

Inventory:

Jewellery
 a - the ring of Mayw Rea (right paw) {rF+ EV+5}
   (You found it on level 3 of the Spider Nest)

   [ring of evasion]

   EV+5:      It affects your evasion (+5).
   rF+:       It protects you from fire.
 d - a ring of willpower
 i - the amulet "Royrew" (around neck) {Faith Regen+}
   (You found it on level 2 of the Dungeon)

   [amulet of faith]

   Faith:     It allows you to gain divine favour quickly.
   Regen+:    It increases your rate of health regeneration.
 s - a ring of flight
 u - a +4 ring of slaying
 B - an amulet of guardian spirit
 D - a ring of protection from cold
 E - an amulet of reflection
 F - a ring "Bod Reliuky" {Ice rPois SInv}
   (You took it off Josephina on level 2 of the Depths)

   [ring of ice]

   Ice:       It enhances your ice magic.
   rF-:       It makes you vulnerable to fire.
   rC+:       It protects you from cold.
   rPois:     It protects you from poison SInv: It lets you see invisible.
 K - a ring of protection from fire (left paw)
 L - the ring of Tiaggyr {rElec rPois rCorr MP-9 Dex+6}
   (You bought it in a shop on level 1 of the Depths)

   [ring of dexterity]

   Dex+6:     It affects your dexterity (+6).
   rElec:     It insulates you from electricity.
   rPois:     It protects you from poison MP-9: It affects your magic capacity
   (-9).
   rCorr:     It protects you from acid and corrosion.
 M - a +6 ring of intelligence
 O - a ring of willpower
 Q - a ring of magical power
 R - the ring "Woneu" {Wiz rElec Int+3}
   (You acquired it on level 3 of the Vaults)

   [ring of wizardry]

   Wiz:       It improves your spell success rate.
   Int+3:     It affects your intelligence (+3).
   rElec:     It insulates you from electricity.
 T - a ring of willpower
 U - a ring of ice
 V - a ring of positive energy
 Y - an amulet of the acrobat
 Z - a +6 ring of strength
Talismans
 H - the blade talisman of the Lumpy Interlopers {rF+ Will+ Str+3 Stlth+}
   (You found it on level 3 of the Elven Halls)

   [blade talisman]

   Str+3:     It affects your strength (+3).
   rF+:       It protects you from fire.
   Will+:     It increases your willpower.
   Stlth+:    It makes you more stealthy.
 I - a maw talisman
 N - a granite talisman (active)
 P - a talisman of death
 W - the serpent talisman of the Elven Halls {Int+4}
   (You took it off Aizul on level 2 of the Swamp)

   [serpent talisman]

   Int+4:     It affects your intelligence (+4).
Scrolls
 c - 3 scrolls of blinking
 f - 10 scrolls of vulnerability
 g - 8 scrolls of fog
 n - 8 scrolls of immolation
 o - 8 scrolls of fear
 r - 5 scrolls of noise
 v - 20 scrolls of teleportation
 w - 8 scrolls of revelation
 y - 5 scrolls of torment
 A - 11 scrolls of poison
 G - 3 scrolls of silence
 J - 10 scrolls of amnesia
Potions
 b - 17 potions of heal wounds
 e - 2 potions of mutation
 h - 9 potions of lignification
 j - 5 potions of berserk rage
 k - 8 potions of brilliance
 l - 15 potions of curing
 m - 4 potions of cancellation
 p - 2 potions of might
 q - 7 potions of attraction
 t - 4 potions of haste
 x - 4 potions of resistance
 z - 9 potions of enlightenment
 C - 3 potions of invisibility
 S - 5 potions of ambrosia
 X - 3 potions of magic


   Skills:
 + Level 19.7 Fighting
 + Level 24.8 Dodging
 + Level 26.8 Stealth
 O Level 27 Unarmed Combat
 - Level 8.0 Spellcasting
 - Level 12.0 Translocations
 + Level 22.9 Shapeshifting


You had 27 spell levels left.
You knew the following spells:

 Your Spells              Type           Power      Damage    Failure   Level
a - Apportation           Tloc           78%        N/A       1%          1
b - Manifold Assault      Tloc           39%        N/A       1%          4
c - Vhi's Electric Charg  Tloc/Air       44%        N/A       11%         4
d - Blink                 Tloc           78%        N/A       1%          2
e - Lesser Beckoning      Tloc           78%        N/A       1%          2

Your spell library contained the following spells:

 Spells                   Type           Power      Damage    Failure   Level
 Momentum Strike          Conj/Tloc      44%        3d9       1%          2
 Gell's Gravitas          Tloc           39%        N/A       1%          3
 Teleport Other           Tloc           39%        N/A       1%          3
 Passage of Golubria      Tloc           39%        N/A       1%          4
 Freeze                   Ice            20%        1d4       13%         1
 Magic Dart               Conj           20%        1d4       13%         1
 Sandblast                Erth           10%        2d5       13%         1
 Sting                    Conj/Alch      20%        1d4       13%         1
 Mercury Vapours          Alch/Air       10%        N/A       19%         2
 Static Discharge         Conj/Air       10%        3-4/arc   19%         2
 Frozen Ramparts          Ice            10%        1d2       36%         3
 Hailstorm                Conj/Ice       5%         3d5       36%         3
 Mephitic Cloud           Conj/Alch/Air  5%         N/A       36%         3
 Ozocubu's Armour         Ice            5%         N/A       36%         3
 Passwall                 Erth           5%         N/A       36%         3
 Stone Arrow              Conj/Erth      10%        3d7       36%         3
 Airstrike                Air            2%         2d(1-17)  77%         4
 Brom's Barrelling Bould  Conj/Erth      5%         2d3       77%         4
 Leda's Liquefaction      Alch/Erth      2%         N/A       77%         4
 Olgreb's Toxic Radiance  Alch           5%         N/A       77%         4
 Petrify                  Alch/Erth      5%         N/A       77%         4
 Alistair's Intoxication  Alch           3%         N/A       98%         5
 Freezing Cloud           Conj/Ice/Air   2%         6-21      98%         5
 Irradiate                Conj/Alch      2%         3d12      98%         5
 Lee's Rapid Deconstruct  Erth           2%         3d5*      98%         5
 Disjunction              Tloc           19%        N/A       99%         8
 Bombard                  Conj/Erth      2%         9d1       100%        6
 Conjure Ball Lightning   Conj/Air       2%         3x3d6     100%        6
 Orb of Destruction       Conj           2%         9d5       100%        7
 Ozocubu's Refrigeration  Ice            2%         4d8       100%        7
 Lehudib's Crystal Spear  Conj/Erth      2%         10d2      100%        8
 Maxwell's Capacitive Co  Air            2%         ∞         100%        8
 Chain Lightning          Conj/Air       2%         3d3       100%        9
 Polar Vortex             Ice            2%         N/A       100%        9
 Shatter                  Erth           2%         3d6*      100%        9
 Call Imp                 Summ           Unusable   N/A       N/A         2
 Jinxbite                 Hex            Unusable   N/A       N/A         2
 Scorch                   Fire           Unusable   2d5       N/A         2
 Sublimation of Blood     Necr           Unusable   N/A       N/A         2
 Call Canine Familiar     Summ           Unusable   N/A       N/A         3
 Fugue of the Fallen      Necr           Unusable   N/A       N/A         3
 Inner Flame              Hex/Fire       Unusable   N/A       N/A         3
 Animate Armour           Summ/Erth      Unusable   N/A       N/A         4
 Dispel Undead            Necr           Unusable   3d7       N/A         4
 Flame Wave               Conj/Fire      Unusable   2d5       N/A         4
 Summon Blazeheart Golem  Fire/Summ      Unusable   N/A       N/A         4
 Summon Lightning Spire   Summ/Air       Unusable   N/A       N/A         4
 Curse of Agony           Necr           Unusable   N/A       N/A         5
 Metabolic Englaciation   Hex/Ice        Unusable   N/A       N/A         5
 Silence                  Hex/Air        Unusable   N/A       N/A         5
 Summon Cactus Giant      Summ           Unusable   N/A       N/A         6
 Spellforged Servitor     Conj/Summ      Unusable   N/A       N/A         7
 Discord                  Hex            Unusable   N/A       N/A         8
 Ignition                 Fire           Unusable   3d3       N/A         8
 Fire Storm               Conj/Fire      Unusable   8d1       N/A         9

Dungeon Overview and Level Annotations

Branches:
Dungeon (15/15)            Temple (0/1) D:7            Lair (5/5) D:10
  Swamp (4/4) Lair:3       Spider (4/4) Lair:3        Slime (5/5) Lair:5
    Orc (2/2) D:10            Elf (3/3) Orc:2        Vaults (4/5) D:13
  Crypt (3/3) Vaults:2       Tomb (0/3) Crypt:3      Depths (4/4) D:15
    Zot (5/5) Depths:4      Sewer (visited)           IceCv (visited)
 WizLab (visited)

Altars:
Kikubaaqudgha
Qazlal
Ru
Trog

Shops:
D:9 :   Orc:1 ?   Orc:2 ([:*   Elf:1 *   Elf:2 !   Vaults:3 [   Depths:1 :==
Depths:3 :

Portals:
Hell: Depths:1 Depths:2 Depths:3 Depths:4
Abyss: Depths:1 Depths:2 Depths:3
Pandemonium: Depths:2 Depths:4
Ziggurat: Depths:4
Trove: D:12 (give 5 potions of resistance)

Annotations:
D:8 Gastronok
D:12 exclusion: ice statue
Lair:5 2 exclusions
Swamp:1 2 transporters, kalagan's ghost, adept DECj
Spider:3 Beaer's ghost, journeyman TrFi
Elf:2 3 runed translucent doors
Crypt:2 Khufu


Innate Abilities, Weirdness & Mutations

You are a living statue of rough stone.
Your actions are slow, but your melee attacks are powerful.
You are resistant to unholy torment.
Your maximum health is greatly increased.
You are immune to poison.
You have sharp claws.
You have razor-sharp teeth.
You have supernaturally acute eyesight. (SInv)
You are clumsy. (Dex -2)
Your magical capacity is low. (-10% MP)
((Your thick and shaggy fur keeps you warm. (AC +3, rC+)))
You cannot study or use magical devices.
You are hated by all.
You cannot study or cast Fire magic.
You cannot study or cast Hexes magic.
You cannot study or cast Necromancy magic.
You are somewhat inexperienced. (-1 XL)
Your paws help you pounce on unaware monsters.
You are incapable of wielding weapons or throwing items.
You cannot wear armour.
You gain extra lives every three experience levels.
You have a pair of small horns on your head.
Your body sometimes deteriorates upon taking damage.
Your muscles are strong. (Str +4, Int/Dex -1)


Message History

Space momentarily warps into an impossible shape!
You mangle the hell beast!!
Space momentarily warps into an impossible shape!
You barely miss the hell beast.
Space momentarily warps into an impossible shape!
You barely miss the hell beast.
The hell beast completely misses you. x2
You closely miss the hell beast. Your headbutt misses the hell beast.
Your claw misses the hell beast.
The hell beast is moderately wounded.
The hell beast completely misses you. x2
You eviscerate the hell beast!!!
You kill the hell beast!
No target in view!
No target in view!
What level of the Dungeon? (default 1, ? - help)
An orange demon comes into view.
The orange demon is stunned by your conviction and fails to attack.
You mangle the orange demon!! You claw the orange demon!!
The orange demon is almost dead.
You redirect the orange demon's attack!
The orange demon stings itself.
The orange demon hits itself.
The orange demon dies!
No target in view!
No target in view!
What level of the Dungeon? (default 1, ? - help)
There is a stone staircase leading up, spattered with blood here.
You climb upwards.
There is a stone staircase leading down, spattered with blood here.
There is a stone staircase leading up here.
You climb upwards.
There is a stone staircase leading down here.
There is a stone staircase leading up here.
You climb upwards.
There is a stone staircase leading down here.
You open the door.
There is an open door here.
There is a staircase leading out of the dungeon here.
You can't go down here!
You have escaped!

##### ######.8.######
###.............###
###.................#####
##.'.................'...#
#..#.................###.#
#.####.............### #.#
#.# ###.........### #.#
#†# ###.....### #.#
#####.# ###.........###
#.####


There were no monsters in sight!

Vanquished Creatures
  the Royal Jelly (Slime:5)
  Dissolution (Slime:3)
  A seraph (D:6)
  2 dread liches
  3 orbs of fire (Zot:5)
  3 ancient liches (Zot:5)
  Mara (Vaults:4)
  5 pandemonium lords
  2 juggernauts (Depths:4)
  A royal mummy (Depths:2)
  Josephina (Depths:2)
  Parghit (Zot:2)
  6 Killer Klowns (Zot:5)
  Bai Suzhen (Elf:3)
  2 curse toes
  Nikola (Spider:4)
  7 golden dragons
  Jory (Depths:3)
  3 electric golems
  A walking crystal tome (WizLab)
  11 tentacled monstrosities
  Zenata (Vaults:3)
  30 Orb Guardians
  2 Hell Sentinels
  3 liches
  2 deep elf blademasters (Elf:3)
  2 deep elf master archers (Elf:3)
  5 quicksilver dragons (Zot:5)
  14 acid blobs
  4 ancient champions
  An Executioner (D:9)
  10 death cobs
  2 tengu reavers
  4 sphinxes
  Aizul (Swamp:2)
  6 shadow dragons
  11 storm dragons
  2 fenstrider witches
  Roxanne (D:15)
  2 revenants (Crypt:3)
  3 draconian monks
  2 strange machines (WizLab)
  A daeva (D:9)
  12 azure jellies
  8 protean progenitors
  An iron dragon (Depths:3)
  9 rockslimes (Slime:5)
  Donald (Vaults:1)
  8 draconian knights
  2 draconian scorchers
  10 vault wardens
  4 frost giants
  5 deep elf sorcerers (Elf:3)
  9 emperor scorpions
  2 fire giants
  8 draconian shifters
  2 balrugs
  2 draconian stormcallers
  8 ghouls
  4 deep elf elementalists (Elf:3)
  8 ghost moths
  2 spectral caustic shrikes (Crypt:3)
  17 ironbound preservers
  4 draconian annihilators
  A cacodemon (Depths:4)
  2 orc warlords
  7 formless jellyfish
  2 spriggan defenders
  A broodmother (Spider:2)
  6 ironbound thunderhulks
  3 curse skulls
  10 quicksilver oozes
  32 very ugly things
  11 stone giants
  2 demonspawn black suns
  7 green draconians
  A juggernaut skeleton (Crypt:3)
  Nessos (Lair:5)
  4 vampire knights
  3 deep elf annihilators (Elf:3)
  11 yellow draconians
  10 deep elf death magi
  12 black draconians
  11 dire elephants
  2 lorocyprocas
  9 eleionomae
  7 deep elf demonologists
  5 white draconians
  10 purple draconians
  9 bunyips
  11 spark wasps
  10 red draconians
  2 blizzard demons (Depths:4)
  A spectral quicksilver dragon (Crypt:3)
  9 ettins
  2 mummy priests (Depths:2)
  9 eidola
  The ghost of drgodel the Mimic, a journeyman OnSh of Wu Jian (Orc:2)
  2 shambling mangroves (Swamp:4)
  4 merfolk impalers
  13 fire dragons
  7 yaktaur captains
  A spectral spriggan (Depths:2)
  Harold (D:9)
  6 entropy weavers
  14 vault guards
  Fannar (Lair:2)
  2 deep elf high priests (Elf:3)
  A jiangshi (Crypt:1)
  9 rakshasas
  2 spectral golden dragons (Depths:2)
  18 hydras
  2 spriggan zombies (Crypt:3)
  12 ice dragons
  7 great orbs of eyes
  2 caustic shrike simulacra
  2 ogre magi
  2 spectral tengu (Depths:2)
  Erolcha (D:9)
  2 ghost crabs (Swamp:3)
  10 ironbound frosthearts
  2 radroaches (Zot:2)
  A spectral sphinx (Depths:2)
  A juggernaut simulacrum (Depths:2)
  A death knight (D:14)
  3 hell beasts
  2 spectral frost giants (Depths:2)
  6 spriggan air magi
  2 jorogumos (Zot:3)
  A spectral stone giant (Crypt:3)
  11 alligators
  A catoblepas (Lair:3)
  10 centaur warriors
  15 two-headed ogres
  6 boulder beetles
  2 spectral fire giants (Depths:2)
  6 deep troll shamans
  9 demonic crawlers
  An orc high priest (Orc:2)
  4 vampire magi
  8 deep troll earth magi
  A spectral dire elephant (Crypt:3)
  21 dancing weapons
  A hell hog (Lair:5)
  An occultist (Depths:3)
  2 spectral nagas (Crypt:3)
  4 tengu warriors
  3 spriggan berserkers
  7 hell knights
  Urug (D:12)
  8 sun demons
  16 spriggans
  13 deep elf knights
  Sonja (D:10)
  4 iron trolls
  3 soul eaters
  A fire crab (D:10)
  7 shadow wraiths (Crypt:3)
  3 spectral spark wasps (Depths:2)
  A sixfirhy (Depths:2)
  A skyshark (Lair:5)
  Lodul (D:13)
  A cherub (D:6)
  A pharaoh ant (Spider:3)
  3 spectral bunyips (Crypt:3)
  26 skeletal warriors
  A sun moth (Spider:3)
  2 shadow demons
  6 arcanists
  A spriggan simulacrum (Crypt:3)
  4 goliath frogs
  5 spriggan druids
  An obsidian statue (Depths:2)
  46 deep trolls
  12 orb spiders
  2 spectral iron dragons
  9 bog bodies
  11 flayed ghosts
  14 swamp dragons
  A golden dragon skeleton (Depths:1)
  4 glowing orange brains
  Pikel (D:9)
  12 deep elf archers
  26 deep elf pyromancers
  7 steelbarb worms
  4 orc knights
  14 lindwurms
  17 deep elf zephyrmancers
  14 ironbound convokers
  A spectral fire dragon (Crypt:3)
  5 necromancers
  12 phantasmal warriors
  7 orc sorcerers
  5 shining eyes
  3 spectral ettins
  An oklob plant (Lair:5)
  Maurice (D:9)
  43 ugly things
  4 will-o-the-wisps
  15 wolf spiders
  8 cyclopes
  A manticore (D:13)
  32 moths of wrath
  10 black mambas
  9 vault sentinels
  9 meliai
  A goliath frog skeleton (Crypt:2)
  3 spectral centaurs (Crypt:3)
  3 eyes of devastation
  A spectral alligator snapping turtle (Crypt:3)
  A stone giant skeleton (Crypt:3)
  A formless jellyfish zombie (Crypt:2)
  8 torpor snails
  Joseph (D:9)
  5 cane toads
  3 ice statues (IceCv)
  3 kobold blastminers
  An elephant (Lair:3)
  2 rust devils
  A dire elephant skeleton (Crypt:3)
  A centaur skeleton (Crypt:3)
  Maggie (Lair:2)
  2 orange demons
  An elephant slug zombie (Crypt:2)
  Jeremiah (D:8)
  4 efreet
  4 kobold demonologists
  2 rime drakes (D:13)
  13 freezing wraiths
  A bunyip simulacrum (Crypt:3)
  24 yaktaurs
  6 komodo dragons
  A green draconian skeleton (Crypt:2)
  2 tengu conjurers
  3 spectral harpies (Crypt:3)
  A grey draconian skeleton (Crypt:3)
  An iron troll zombie (Crypt:2)
  A queen bee (shapeshifter) (Depths:3)
  A tormentor (D:8)
  15 polar bears
  A catoblepas skeleton (Crypt:2)
  A red devil (D:6)
  8 guardian mummies (Depths:2)
  A wolf spider simulacrum (D:13)
  21 hornets
  7 trolls
  A tengu simulacrum (Depths:2)
  Prince Ribbit (D:9)
  21 tarantellas
  9 tyrant leeches
  2 raiju
  A dream sheep (Lair:5)
  4 glass eyes
  22 blink frogs
  27 jumping spiders
  72 slime creatures
  A spectral black mamba (Crypt:3)
  A frost giant simulacrum (Depths:2)
  2 spriggan skeletons (Depths:1)
  3 centaur simulacra
  2 shadows
  3 air elementals
  18 culicivoras
  3 wyverns
  2 fire elementals (Elf:3)
  3 ynoxinuls
  8 wraiths
  A dire elephant simulacrum (Crypt:3)
  A black mamba zombie (Crypt:3)
  42 yaks
  A human (shapeshifter) (D:14)
  5 vampires
  14 water elementals
  Grum (D:8)
  5 basilisks
  55 redbacks
  A steam dragon (Lair:2)
  3 death yak simulacra (IceCv)
  24 vampire mosquitoes
  8 wargs
  2 harpy simulacra (IceCv)
  A chaos spawn (D:8)
  A naga zombie (Crypt:3)
  An acid dragon (D:12)
  A human skeleton (Depths:1)
  12 swamp worms
  An entropy weaver zombie (Crypt:2)
  17 hell hounds
  25 water moccasins
  A water moccasin (shapeshifter) (D:13)
  A swamp drake (shapeshifter) (D:13)
  32 orc warriors
  18 black bears
  6 swamp drakes
  17 ogres
  6 ice beasts
  11 laughing skulls
  17 wolves
  A boggart (D:13)
  A swamp dragon skeleton (Crypt:1)
  4 centaurs
  3 lemures (D:9)
  A phantom (D:7)
  A komodo dragon zombie (Crypt:3)
  10 kobold brigands
  An elf zombie (Crypt:1)
  2 scorpions
  17 bullfrogs
  6 necrophages
  A gnoll sergeant (D:12)
  A salamander skeleton (Crypt:2)
  A cane toad simulacrum (IceCv)
  3 earth elementals
  8 wights (D:4)
  A cyclops skeleton (Crypt:1)
  2 elephant simulacra (IceCv)
  15 killer bees
  3 electric eels
  8 howler monkeys
  2 gnoll boudas
  A human zombie (D:4)
  A bombardier beetle (D:7)
  3 hounds
  2 jellies
  13 orc priests
  Natasha (thrice) (D:2)
  4 iguanas
  23 orc wizards
  2 wolf simulacra (IceCv)
  A boggart simulacrum (D:13)
  5 mummies (D:4)
  30 gnolls
  15 adders
  5 river rats (Sewer)
  A shadow imp (D:8)
  3 white imps
  2 adder zombies (D:4)
  An adder skeleton (Crypt:1)
  An iguana skeleton (Crypt:1)
  A ribbon worm (D:2)
  5 dart slugs
  61 orcs
  10 ball pythons
  4 bats
  5 endoplasms
  2 giant cockroaches
  6 goblins
  8 hobgoblins
  2 jackals (D:5)
  51 kobolds
  7 quokkas
  A ball python zombie (Crypt:2)
  3 frilled lizards
  A frilled lizard zombie (Crypt:3)
  22 rats
2330 creatures vanquished.

Vanquished Creatures (others)
  A deep elf elementalist (Elf:3)
  A ghoul (Crypt:1)
  An eleionoma (Swamp:4)
  A dire elephant (Vaults:1)
  A spectral quicksilver dragon (Crypt:3)
  A hydra (D:15)
  An alligator (Swamp:1)
  A catoblepas (Lair:5)
  A boulder beetle (D:13)
  2 deep elf knights (Elf:2)
  A deep troll (Vaults:2)
  A wolf spider (Spider:2)
  A deep elf zephyrmancer (Elf:3)
  A deep elf pyromancer (Elf:2)
  A vault sentinel (Vaults:4)
  An orange demon (D:4)
  A stone giant skeleton (Crypt:1)
  A tarantella (Spider:1)
  A jumping spider (Spider:3)
  A spriggan (Swamp:1)
  A wyvern (D:9)
  An air elemental (Elf:1)
  A hell hound (Lair:5)
  An iguana (D:3)
  An ufetubus (D:13)
  An orc (Orc:1)
  A kobold (D:9)
  8 foxfires
36 creatures vanquished.

Grand Total: 2366 creatures vanquished

Notes
Turn   | Place    | Note
-------+----------+-------------------------------------------
     0 | D:1      | raetorn the Felid Monk began the quest for the Orb.
     0 | D:1      | Reached XP level 1. HP: 12/12 MP: 2/2
   105 | D:1      | HP: 11/12 [bat (1)]
   110 | D:1      | HP: 6/12 [poisoned by a kobold]
   110 | D:1      | HP: 2/12 [kobold/+0 dagger of venom (1)]
   115 | D:1      | HP: 9/12 [poisoned by a kobold]
   120 | D:1      | HP: 8/12 [poisoned by a kobold]
   120 | D:1      | HP: 3/12 [frozen (5)]
   123 | D:1      | Reached XP level 2. HP: 5/16 MP: 3/3
   256 | D:1      | HP: 11/16 [quokka (5)]
   258 | D:1      | HP: 5/16 [quokka (4)]
   259 | D:1      | HP: 1/16 [quokka (4)]
   637 | D:1      | HP: 12/16 [dart slug/slug dart (4)]
   908 | D:2      | HP: 12/16 [adder (4)]
   912 | D:2      | Reached XP level 3. HP: 16/20 MP: 4/4
   955 | D:2      | HP: 18/20 [kobold/+0 club (2)]
  1004 | D:2      | Identified the amulet "Royrew" {Faith Regen+}
  1065 | D:2      | Found a sacrificial altar of Ru.
  1072 | D:2      | HP: 19/20 [dart slug/slug dart (1)]
  1251 | D:2      | HP: 19/20 [ribbon worm (1)]
  1255 | D:2      | HP: 7/20 [ribbon worm (8)]
  1329 | D:2      | Became a worshipper of Ru the Awakened
  1337 | D:2      | Gained mutation: You cannot study or use magical devices.
                  | [Ru sacrifice]
  1337 | D:2      | Reached * piety under Ru
  1337 | D:2      | Reached ** piety under Ru
  1439 | D:2      | HP: 18/20 [rat (2)]
  1475 | D:2      | Noticed Natasha
  1480 | D:2      | HP: 14/20 [gnoll/+1 whip of freezing (6)]
  1482 | D:2      | Reached skill level 4 in Unarmed Combat
  1483 | D:2      | HP: 3/20 [Natasha (8)]
  1488 | D:2      | HP: 6/20 [cerulean imp/+0 spear[Natasha] (1)]
  1500 | D:2      | HP: 12/20 [cerulean imp/+1 spear[Natasha] (1)]
  1530 | D:2      | HP: 16/20 [gnoll/+0 quarterstaff (4)]
  1532 | D:2      | HP: 7/20 [gnoll/+0 quarterstaff (6)]
  1534 | D:2      | Slain by a gnoll
  1534 | D:2      | Lost a life (0 lives remaining)
  1623 | D:2      | Reached XP level 4. HP: 24/24 MP: 5/5
  1623 | D:2      | Gained a life (1 life remaining)
  1657 | D:2      | HP: 19/24 [Natasha (5)]
  1663 | D:2      | HP: 13/24 [Natasha (7)]
  1664 | D:2      | Killed Natasha
  1807 | D:2      | Noticed Natasha
  1815 | D:2      | HP: 18/25 [Natasha/magic dart (7)]
  1816 | D:2      | Killed Natasha
  1817 | D:2      | Reached skill level 5 in Dodging
  1819 | D:2      | Noticed Natasha
  1824 | D:2      | HP: 17/25 [Natasha/magic dart (8)]
  1829 | D:2      | Killed Natasha
  1830 | D:2      | Reached XP level 5. HP: 25/29 MP: 6/6
  1847 | D:3      | HP: 27/29 [kobold/stone (2)]
  1931 | D:3      | HP: 28/29 [bat (1)]
  1967 | D:3      | Found a glowing drain.
  1972 | Sewer    | Entered a sewer
  2075 | Sewer    | HP: 26/29 [adder (3)]
  2087 | Sewer    | Reached skill level 5 in Unarmed Combat
  2090 | Sewer    | HP: 27/29 [rat (2)]
  2120 | Sewer    | HP: 27/29 [rat (2)]
  2131 | Sewer    | HP: 28/29 [adder (1)]
  2139 | Sewer    | HP: 28/29 [adder (1)]
  2145 | Sewer    | HP: 27/29 [poisoned by an adder]
  2151 | Sewer    | HP: 27/29 [ball python (2)]
  2175 | Sewer    | HP: 28/29 [kobold/stone (1)]
  2180 | Sewer    | HP: 27/29 [kobold/+0 dagger (2)]
  2187 | Sewer    | HP: 24/29 [kobold brigand/+0 club (5)]
  2193 | Sewer    | HP: 19/29 [kobold brigand/+0 club (7)]
  2196 | Sewer    | Gained mutation: You are covered in thick fur. (AC +2)
                  | [Felid growth]
  2196 | Sewer    | Reached XP level 6. HP: 25/34 MP: 7/7
  2256 | Sewer    | HP: 32/34 [kobold/+0 short sword (2)]
  2266 | Sewer    | HP: 32/34 [river rat (2)]
  2311 | Sewer    | HP: 33/34 [rat (1)]
  2316 | Sewer    | HP: 33/34 [rat (1)]
  2345 | Sewer    | Gained mutation: You are hated by all. [Ru sacrifice]
  2345 | Sewer    | Reached *** piety under Ru
  2352 | Sewer    | HP: 30/34 [river rat (4)]
  2435 | Sewer    | HP: 32/34 [kobold brigand/+0 dagger (2)]
  2441 | Sewer    | HP: 19/34 [kobold/+0 club (4)]
  2445 | Sewer    | HP: 8/34 [kobold brigand/+0 dagger (8)]
  2748 | D:3      | HP: 33/34 [adder (1)]
  2753 | D:3      | HP: 32/34 [poisoned by an adder]
  2895 | D:3      | HP: 33/34 [frilled lizard (1)]
  2995 | D:3      | HP: 32/34 [hobgoblin (2)]
  3102 | D:3      | HP: 31/34 [goblin/+0 dagger (3)]
  3450 | D:4      | HP: 32/34 [adder (2)]
  3468 | D:3      | HP: 32/34 [gnoll/+0 spear (2)]
  3479 | D:4      | HP: 30/34 [kobold/+0 short sword (4)]
  3486 | D:4      | HP: 20/34 [black bear (5)]
  3488 | D:4      | Reached skill level 6 in Unarmed Combat
  3488 | D:4      | Reached XP level 7. HP: 24/38 MP: 8/8
  3488 | D:4      | Gained a life (2 lives remaining)
  3732 | D:4      | HP: 37/38 [giant cockroach (1)]
  3757 | D:4      | HP: 36/38 [ball python (2)]
  3769 | D:4      | HP: 23/38 [gnoll/+0 halberd (15)]
  3818 | D:4      | HP: 34/38 [adder (4)]
  3865 | D:4      | HP: 33/38 [gnoll/+0 flail (5)]
  3871 | D:4      | HP: 26/38 [gnoll/+0 whip (1)]
  3904 | D:4      | HP: 34/38 [acid (4)]
  3906 | D:4      | Reached skill level 5 in Fighting
  3909 | D:4      | Gained mutation: You cannot study or cast Fire magic. [Ru
                  | sacrifice]
  3909 | D:4      | Gained mutation: You cannot study or cast Hexes magic. [Ru
                  | sacrifice]
  3909 | D:4      | Gained mutation: You cannot study or cast Necromancy magic.
                  | [Ru sacrifice]
  3909 | D:4      | Reached **** piety under Ru
  3915 | D:4      | HP: 38/39 [gnoll bouda/+0 whip (1)]
  3921 | D:4      | HP: 27/39 [gnoll/+0 halberd[a gnoll bouda] (12)]
  3921 | D:4      | HP: 12/39 [gnoll/+0 halberd[a gnoll bouda] (15)]
  3931 | D:5      | Entered Level 5 of the Dungeon
  3965 | D:4      | HP: 36/39 [gnoll/+0 spear[a gnoll bouda] (3)]
  3974 | D:4      | HP: 28/39 [wight/+4 trident (11)]
  3976 | D:4      | HP: 13/38 [wight/+4 trident (6)]
  4003 | D:4      | HP: 38/39 [human zombie (1)]
  4015 | D:4      | Reached skill level 7 in Unarmed Combat
  4025 | D:4      | HP: 32/39 [necrophage (7)]
  4029 | D:4      | Reached XP level 8. HP: 31/44 MP: 9/9
  4054 | D:4      | HP: 42/44 [adder zombie (2)]
  4149 | D:4      | HP: 37/44 [wight/+0 hand axe (7)]
  4154 | D:4      | HP: 33/44 [wight/+4 short sword (6)]
  4160 | D:4      | HP: 22/43 [wight/+0 halberd (8)]
  4340 | D:5      | Reached skill level 8 in Unarmed Combat
  4359 | D:5      | HP: 31/44 [orc wizard/puff of flame (13)]
  4414 | D:5      | HP: 39/44 [gnoll/+0 spear (5)]
  4438 | D:5      | HP: 41/44 [scorpion (3)]
  4443 | D:5      | HP: 37/44 [poisoned by a scorpion]
  4448 | D:5      | HP: 37/44 [poisoned by a scorpion]
  4625 | D:5      | HP: 42/44 [jelly (2)]
  4676 | D:5      | Found a bloodstained altar of Trog.
  4704 | D:5      | HP: 35/44 [ogre/+0 giant spiked club (9)]
  5061 | D:5      | HP: 30/45 [ogre/+0 giant spiked club (15)]
  5145 | D:6      | HP: 36/45 [white imp/puff of frost (9)]
  5240 | D:6      | HP: 39/45 [bullfrog (6)]
  5243 | D:6      | Reached XP level 9. HP: 45/49 MP: 10/10
  5258 | D:6      | Gained mutation: Your magical capacity is low. (-10% MP)
                  | [Ru sacrifice]
  5258 | D:6      | Reached ***** piety under Ru
  5299 | D:6      | Reached skill level 9 in Unarmed Combat
  5303 | D:6      | HP: 45/49 [orc/+0 hand axe (4)]
  5311 | D:6      | HP: 45/49 [iguana (4)]
  5321 | D:6      | HP: 45/49 [black bear (4)]
  5328 | D:6      | Identified the +8 war axe of the Snake Pit {freeze, rElec
                  | Int+2}
  5328 | D:6      | HP: 44/49 [hound (5)]
  5343 | D:6      | HP: 35/49 [kobold brigand/the +8 war axe of the Snake Pit
                  | {freeze, rElec Int+2} (14)]
  5348 | D:6      | HP: 33/49 [kobold/+0 short sword (2)]
  5362 | D:6      | HP: 44/49 [kobold/+0 short sword (4)]
  5381 | D:6      | Noticed a boulder beetle
  5397 | D:6      | HP: 24/49 [boulder beetle (25)]
  5406 | D:6      | Killed a boulder beetle
  5407 | D:6      | Reached skill level 10 in Unarmed Combat
  5424 | D:6      | HP: 37/50 [iguana (13)]
  5436 | D:6      | HP: 48/50 [kobold/+0 dagger (2)]
  5454 | D:6      | HP: 49/50 [orc/+0 hand axe (1)]
  5462 | D:6      | HP: 48/50 [orc/+0 whip (2)]
  5526 | D:6      | HP: 48/50 [hound (2)]
  5975 | D:7      | HP: 43/50 [kobold brigand/+0 club (7)]
  5992 | D:7      | Found a staircase to the Ecumenical Temple.
  6051 | D:7      | Reached skill level 10 in Dodging
  6100 | D:7      | HP: 48/50 [black bear (2)]
  6103 | D:7      | Reached skill level 1 in Stealth
  6132 | D:7      | HP: 49/51 [phantom (2)]
  6140 | D:7      | HP: 50/51 [black bear (1)]
  6318 | D:7      | Reached XP level 10. HP: 56/56 MP: 10/10
  6318 | D:7      | HP: 48/56 [killer bee (8)]
  6323 | D:7      | HP: 45/56 [poisoned by a killer bee]
  6330 | D:7      | HP: 35/56 [killer bee (6)]
  6808 | D:8      | Identified a scroll of acquirement
  6809 | D:8      | Acquired a manual of Unarmed Combat
  6999 | D:8      | HP: 46/56 [white imp/puff of frost (10)]
  7022 | D:8      | HP: 47/56 [yak (9)]
  7032 | D:8      | HP: 41/56 [yak (15)]
  7037 | D:8      | HP: 37/56 [yak (9)]
  7044 | D:8      | Reached skill level 11 in Unarmed Combat
  7046 | D:8      | HP: 39/56 [yak (6)]
  7236 | D:8      | HP: 46/56 [orc priest/divine providence (10)]
  7244 | D:8      | HP: 40/56 [orc/+0 whip (2)]
  7286 | D:8      | HP: 53/56 [killer bee (3)]
  7287 | D:8      | Noticed Gastronok
  7291 | D:8      | HP: 47/56 [poisoned by a killer bee]
  7292 | D:8      | Noticed Grum
  7296 | D:8      | HP: 44/56 [wolf[Grum] (7)]
  7315 | D:8      | HP: 52/56 [Gastronok/the air (4)]
  7323 | D:8      | HP: 28/56 [Gastronok (27)]
  7325 | D:8      | HP: 6/56 [Gastronok (23)]
  7562 | D:8      | HP: 48/53 [gnoll/+0 spear (5)]
  7596 | D:8      | HP: 44/55 [Grum/+1 glaive (10)]
  7601 | D:8      | Killed Grum
  7601 | D:8      | HP: 48/55 [kobold/+0 club (1)]
  7618 | D:8      | HP: 50/56 [kobold brigand/+0 whip (6)]
  7621 | D:8      | Reached skill level 12 in Unarmed Combat
  7913 | D:8      | HP: 44/56 [orc warrior/+0 dire flail (12)]
  7952 | D:8      | Noticed Jeremiah
  7958 | D:8      | Killed Jeremiah
  7959 | D:8      | Reached skill level 5 in Stealth
  8024 | D:8      | Found a sacrificial altar of Ru.
  8154 | D:9      | Noticed Erolcha
  8158 | D:9      | Killed Erolcha
  8160 | D:9      | Found Beffuegu's Self-Improvement Boutique.
  8169 | D:9      | Noticed Joseph
  8213 | D:9      | HP: 44/57 [Joseph/+0 quarterstaff (13)]
  8221 | D:9      | Killed Joseph
  8266 | D:9      | HP: 56/57 [lemure[Pikel] (1)]
  8271 | D:9      | HP: 53/57 [poisoned by a kobold brigand]
  8276 | D:9      | HP: 42/57 [poisoned by a kobold brigand]
  8284 | D:9      | Noticed Pikel
  8318 | D:9      | HP: 52/57 [lemure[Pikel] (5)]
  8323 | D:9      | Killed Pikel
  8324 | D:9      | Reached skill level 13 in Unarmed Combat
  8325 | D:9      | Reached XP level 11. HP: 33/60 MP: 5/10
  8407 | D:9      | Noticed Harold
  8421 | D:9      | Killed Harold
  8431 | D:9      | Noticed Prince Ribbit
  8447 | D:9      | HP: 55/60 [Prince Ribbit (5)]
  8451 | D:9      | Killed Prince Ribbit
  8503 | D:9      | Noticed Maurice
  8505 | D:9      | HP: 47/62 [Maurice/iceblast (15)]
  8514 | D:9      | HP: 29/62 [Maurice/iceblast (11)]
  8524 | D:9      | Killed Maurice
  8783 | D:10     | Entered Level 10 of the Dungeon
  8785 | D:10     | Found a staircase to the Lair.
  8785 | D:10     | Noticed a fire crab
  8796 | D:10     | HP: 56/62 [fire crab/blast of flame (6)]
  8797 | D:10     | HP: 16/62 [fire crab (14)]
  8799 | D:10     | HP: 2/62 [fire crab (15)]
  8801 | D:10     | Killed a fire crab
  8852 | D:10     | Found a staircase to the Orcish Mines.
  8909 | D:10     | Noticed Sonja
  8912 | D:10     | Killed Sonja
  8913 | D:10     | Reached skill level 14 in Unarmed Combat
  8937 | D:10     | HP: 54/62 [gnoll/+0 club[a gnoll bouda] (8)]
  9050 | D:10     | Noticed a two-headed ogre
  9052 | D:10     | HP: 53/62 [two-headed ogre/+0 giant club (9)]
  9056 | D:10     | Killed a two-headed ogre
  9306 | D:10     | HP: 49/62 [yak (13)]
  9333 | D:10     | HP: 53/62 [troll (9)]
  9345 | D:10     | HP: 49/62 [yak (12)]
  9508 | D:11     | HP: 58/62 [killer bee (4)]
  9528 | Orc:1    | Entered Level 1 of the Orcish Mines
  9528 | Orc:1    | Noticed an orc knight
  9651 | D:11     | Noticed a two-headed ogre
  9670 | D:11     | HP: 44/62 [two-headed ogre/+0 giant club (18)]
  9671 | D:11     | Killed a two-headed ogre
  9716 | D:11     | HP: 55/62 [killer bee (7)]
  9721 | D:11     | HP: 53/62 [poisoned by a killer bee]
  9729 | D:11     | HP: 45/62 [troll (13)]
  9735 | D:11     | HP: 34/62 [troll (5)]
  9742 | D:11     | Noticed a white ugly thing
  9779 | Lair:1   | Entered Level 1 of the Lair of Beasts
  9800 | Lair:1   | Reached skill level 15 in Unarmed Combat
  9863 | Lair:1   | HP: 56/62 [bullfrog (6)]
  9918 | Lair:1   | HP: 53/63 [electric eel/bolt of electricity (10)]
  9945 | Lair:1   | HP: 44/63 [blink frog (19)]
 10129 | Lair:1   | HP: 49/63 [yak (14)]
 10134 | Lair:1   | HP: 49/63 [water moccasin (5)]
 10139 | Lair:1   | HP: 47/63 [yak (6)]
 10149 | Lair:1   | HP: 41/63 [yak (5)]
 10281 | Lair:1   | HP: 46/63 [blink frog (17)]
 10314 | Lair:1   | HP: 62/63 [bullfrog (1)]
 10413 | Lair:1   | Gained mutation: Your thick and shaggy fur keeps you warm.
                  | (AC +3, rC+) [Felid growth]
 10413 | Lair:1   | Reached XP level 12. HP: 67/67 MP: 11/11
 10433 | Lair:1   | HP: 51/67 [yak (16)]
 10466 | Lair:1   | Noticed a five-headed hydra
 10527 | Lair:1   | HP: 58/67 [five-headed hydra (9)]
 10530 | Lair:1   | HP: 22/67 [five-headed hydra (13)]
 10530 | Lair:1   | HP: 6/67 [five-headed hydra (16)]
 10531 | Lair:1   | Killed a five-headed hydra
 10532 | Lair:1   | Reached skill level 10 in Fighting
 10614 | Lair:1   | HP: 61/64 [bullfrog (3)]
 10659 | Lair:1   | Reached skill level 16 in Unarmed Combat
 10662 | Lair:1   | HP: 61/67 [black mamba (6)]
 10686 | Lair:1   | HP: 65/67 [black mamba (2)]
 10691 | Lair:1   | HP: 59/67 [water moccasin (8)]
 10704 | Lair:1   | HP: 62/67 [water moccasin (4)]
 10719 | Lair:1   | Found the +8 whip "Snakebite" {venom, curare, rPois}
 10879 | Lair:2   | Noticed Fannar
 10882 | Lair:2   | Killed Fannar
 10896 | Lair:2   | HP: 51/68 [blink frog (17)]
 10898 | Lair:2   | Noticed Maggie
 10900 | Lair:2   | Reached skill level 10 in Stealth
 10906 | Lair:2   | Killed Maggie
 11053 | Lair:2   | HP: 61/65 [steam dragon (4)]
 11281 | Lair:2   | HP: 61/69 [blink frog (8)]
 11295 | Lair:2   | HP: 49/69 [blink frog (11)]
 11313 | Lair:2   | HP: 53/69 [blink frog (12)]
 11726 | Lair:3   | Noticed a five-headed hydra
 11731 | Lair:3   | HP: 55/69 [five-headed hydra (14)]
 11734 | Lair:3   | Killed a five-headed hydra
 11742 | Lair:3   | Noticed a four-headed hydra
 11772 | Lair:3   | HP: 55/69 [black mamba (14)]
 11917 | Lair:3   | HP: 53/69 [komodo dragon (16)]
 11984 | Lair:3   | HP: 54/69 [four-headed hydra (15)]
 11987 | Lair:3   | HP: 16/69 [four-headed hydra (17)]
 11988 | Lair:3   | Killed a four-headed hydra
 12001 | Lair:3   | Noticed a catoblepas
 12038 | Lair:3   | HP: 51/69 [catoblepas (18)]
 12043 | Lair:3   | Killed a catoblepas
 12044 | Lair:3   | Reached skill level 17 in Unarmed Combat
 12044 | Lair:3   | Reached XP level 13. HP: 52/73 MP: 12/12
 12063 | Lair:3   | Found a hole to the Spider Nest.
 12088 | Lair:3   | HP: 63/74 [yak (11)]
 12098 | Lair:3   | HP: 64/74 [water moccasin (6)]
 12107 | Lair:3   | HP: 58/74 [yak (13)]
 12126 | Lair:3   | HP: 67/74 [water moccasin (7)]
 12192 | Lair:3   | HP: 72/74 [water moccasin (2)]
 12197 | Lair:3   | HP: 68/74 [poisoned by a water moccasin]
 12202 | Lair:3   | HP: 68/74 [poisoned by a water moccasin]
 12272 | Lair:3   | Gained mutation: You are clumsy. (Dex -2) [Ru sacrifice]
 12316 | Lair:3   | Found a staircase to the Swamp.
 12316 | Lair:3   | Noticed an eleionoma
 12318 | Lair:3   | Killed an eleionoma
 12878 | Lair:4   | HP: 70/74 [yak (4)]
 13015 | Lair:4   | HP: 71/74 [water moccasin (3)]
 13020 | Lair:4   | HP: 65/74 [poisoned by a water moccasin]
 13025 | Lair:4   | HP: 65/74 [poisoned by a water moccasin]
 13280 | Lair:4   | HP: 73/74 [polar bear (1)]
 13294 | Lair:4   | HP: 62/74 [polar bear (12)]
 13442 | Lair:4   | HP: 55/74 [boulder beetle (19)]
 13447 | Lair:4   | Reached skill level 1 in Shapeshifting
 13695 | Lair:5   | Entered Level 5 of the Lair of Beasts
 13706 | Lair:4   | HP: 60/74 [blink frog (14)]
 13793 | Lair:5   | Noticed Nessos
 13830 | Lair:5   | HP: 69/74 [torpor snail (5)]
 13915 | Lair:5   | HP: 54/74 [Nessos/arrow (20)]
 13920 | Lair:5   | HP: 44/63 [poisoned by Nessos]
 13924 | Lair:5   | HP: 17/65 [poisoned by Nessos]
 13929 | Lair:5   | Killed Nessos
 13929 | Lair:5   | HP: 21/65 [poisoned by Nessos]
 13935 | Lair:5   | HP: 21/71 [poisoned by Nessos]
 14003 | Lair:5   | Found a staircase to the Slime Pits.
 14038 | Lair:5   | HP: 60/72 [yak (12)]
 14051 | Lair:5   | HP: 59/73 [yak (10)]
 14151 | Lair:5   | HP: 73/74 [wolf (1)]
 14156 | Lair:5   | HP: 69/74 [warg (5)]
 14164 | Lair:5   | HP: 67/74 [hell hound (7)]
 14181 | Lair:5   | HP: 73/74 [wolf (1)]
 14198 | Lair:5   | Reached skill level 5 in Shapeshifting
 14205 | Lair:5   | HP: 73/74 [dream sheep (1)]
 14211 | Lair:5   | HP: 46/74 [black bear (2)]
 14232 | Lair:5   | HP: 62/74 [polar bear (3)]
 14419 | Lair:5   | HP: 62/74 [seven-headed hydra (12)]
 14478 | Lair:5   | HP: 72/74 [polar bear (2)]
 14485 | Lair:5   | HP: 68/74 [polar bear (6)]
 14503 | Lair:5   | HP: 70/74 [polar bear (4)]
 14570 | Lair:5   | HP: 65/74 [polar bear (9)]
 14577 | Lair:5   | HP: 63/74 [something/blast of calcifying dust (6)]
 14609 | Lair:5   | HP: 47/74 [hell hound/blast of flame (27)]
 14671 | Lair:5   | HP: 66/74 [hell hound/blast of flame (8)]
 14692 | Lair:5   | HP: 71/74 [something/blast of calcifying dust (3)]
 14697 | Lair:5   | HP: 67/74 [catoblepas/blast of calcifying dust (7)]
 14702 | Lair:5   | HP: 54/74 [catoblepas (16)]
 14726 | Lair:5   | HP: 68/74 [wolf (6)]
 14732 | Lair:5   | HP: 55/74 [hell hound/blast of flame (18)]
 14737 | Lair:5   | HP: 57/74 [hell hound (1)]
 14769 | Lair:5   | Reached XP level 14. HP: 79/79 MP: 13/13
 14770 | Lair:5   | HP: 77/79 [hell hound (2)]
 14904 | Lair:5   | HP: 56/79 [oklob plant/splash of acid (23)]
 14966 | Lair:5   | HP: 75/79 [hornet (4)]
 14989 | Lair:5   | Gained mutation: You are somewhat inexperienced. (-1 XL)
                  | [Ru sacrifice]
 14989 | Lair:5   | Reached XP level 13. HP: 74/74 MP: 10/12
 14989 | Lair:5   | Reached ****** piety under Ru
 15023 | Lair:5   | HP: 68/74 [lindwurm (6)]
 15087 | Lair:5   | HP: 55/74 [torpor snail (19)]
 15146 | Lair:5   | HP: 53/74 [torpor snail (21)]
 15151 | Lair:5   | HP: 43/74 [torpor snail (16)]
 15207 | Lair:5   | HP: 69/74 [tyrant leech (5)]
 15217 | Lair:5   | HP: 55/74 [lindwurm/blast of flame (19)]
 15229 | Lair:5   | HP: 39/74 [lindwurm/blast of flame (29)]
 15253 | Lair:5   | HP: 51/74 [torpor snail (14)]
 15397 | Lair:5   | HP: 31/74 [fire dragon/blast of flame (43)]
 15654 | Orc:1    | HP: 72/74 [orc wizard/+0 dagger[an orc knight] (2)]
 15753 | Orc:1    | HP: 70/74 [orc/+0 trident of venom (4)]
 15758 | Orc:1    | HP: 48/74 [poisoned by an orc]
 15763 | Orc:1    | HP: 42/74 [poisoned by an orc]
 15768 | Orc:1    | HP: 31/74 [poisoned by an orc]
 15787 | Orc:1    | HP: 36/74 [orc warrior/+0 dire flail (9)]
 15792 | Orc:1    | HP: 35/74 [poisoned by an orc wizard]
 15797 | Orc:1    | HP: 30/74 [poisoned by an orc wizard]
 15880 | Orc:1    | Found Seinain's Magic Scroll Boutique.
 15881 | Orc:1    | You fall into a shaft and drop 1 floor!
 15881 | Orc:2    | Entered Level 2 of the Orcish Mines
 15881 | Orc:2    | Found a staircase to the Elven Halls.
 15885 | Orc:2    | HP: 70/74 [orc wizard/magic dart (4)]
 15891 | Orc:2    | HP: 70/74 [warg (4)]
 15972 | Orc:1    | HP: 60/74 [orc priest/divine providence (14)]
 15983 | Orc:1    | HP: 66/74 [orc/+0 short sword (4)]
 16027 | Orc:1    | HP: 63/74 [kobold blastminer (11)]
 16121 | Orc:1    | HP: 42/74 [kobold blastminer/iron shot (32)]
 16164 | Orc:1    | HP: 55/74 [kobold blastminer/bolt (16)]
 16198 | Orc:1    | HP: 68/74 [orc sorcerer/+0 dagger (6)]
 16440 | Orc:2    | Found a runed translucent gate.
 16441 | Orc:2    | Found a runed translucent gate.
 16442 | Orc:2    | Found a runed translucent gate.
 16444 | Orc:2    | Noticed drgodel's ghost (journeyman OnSh)
 16615 | Orc:2    | HP: 60/69 [orc warrior/boomerang (9)]
 16631 | Orc:2    | HP: 64/70 [orc warrior/+0 glaive (6)]
 16715 | Orc:2    | HP: 70/71 [orc warrior/+0 trident (1)]
 16772 | Orc:2    | HP: 64/71 [orc warrior/+0 short sword (7)]
 16832 | Orc:2    | HP: 68/71 [warg[an orc warlord] (3)]
 16874 | Orc:2    | HP: 45/71 [two-headed ogre/+0 dire flail (26)]
 16897 | Orc:2    | HP: 63/72 [orc knight/+1 great mace (9)]
 16979 | Orc:2    | HP: 66/73 [two-headed ogre/+0 giant club (7)]
 16988 | Orc:2    | HP: 43/73 [ogre mage/bolt of magma (30)]
 16991 | Orc:2    | Reached skill level 10 in Shapeshifting
 16993 | Orc:2    | HP: 42/74 [two-headed ogre/+0 giant club (13)]
 17025 | Orc:2    | Reached skill level 18 in Unarmed Combat
 17025 | Orc:2    | HP: 49/74 [orc knight/+0 long sword (25)]
 17056 | Orc:2    | Noticed an orc warlord
 17097 | Orc:2    | Killed an orc warlord
 17128 | Orc:2    | HP: 56/69 [orc priest/divine providence (13)]
 17146 | Orc:2    | HP: 62/69 [orc warrior/+0 trident (7)]
 17167 | Orc:2    | HP: 68/70 [orc warrior/+0 short sword (2)]
 17175 | Orc:2    | HP: 58/70 [orc knight/+0 great mace (9)]
 17182 | Orc:2    | HP: 60/72 [orc wizard/magic dart[an orc warlord] (7)]
 17223 | Orc:2    | Found Nililorr's Book Shop.
 17229 | Orc:2    | HP: 65/73 [orc priest/divine providence (8)]
 17235 | Orc:2    | Found Zueh's Antique Weapon Shop.
 17271 | Orc:2    | HP: 60/72 [orc sorcerer/bolt of negative energy (12)]
 17276 | Orc:2    | Found Bythimes's General Store.
 17420 | Orc:2    | Found Doepsex's Antique Armour Shop.
 17552 | Orc:2    | HP: 64/73 [orc warrior/+3 trident (9)]
 17570 | Orc:2    | HP: 60/74 [orc warrior/+0 dire flail (14)]
 17576 | Orc:2    | Killed drgodel's ghost
 17690 | D:11     | HP: 68/71 [centaur warrior (3)]
 17748 | D:11     | HP: 65/73 [wraith (8)]
 18265 | D:12     | HP: 72/74 [orc/+0 dagger (2)]
 18303 | D:12     | HP: 48/74 [acid dragon/splash of acid (26)]
 18343 | D:12     | HP: 68/74 [gnoll sergeant/+0 spear (6)]
 18347 | D:12     | Found a portal to a secret trove of treasure.
 18426 | D:12     | Reached XP level 14. HP: 71/71 MP: 13/13
 18430 | D:12     | HP: 59/71 [yak (12)]
 18599 | D:12     | Found the +2 Maxwell's thermic engine {flame, freeze, rev}
 18669 | D:12     | Reached skill level 15 in Dodging
 18708 | D:12     | Noticed Urug
 18715 | D:12     | Killed Urug
 19026 | Orc:2    | Bought a book of Party Tricks for 352 gold pieces
 19028 | Orc:2    | Learned a level 1 spell: Apportation
 19330 | D:13     | HP: 68/77 [boulder beetle (9)]
 19377 | D:13     | HP: 71/79 [deep elf pyromancer/+0 short sword (8)]
 19382 | D:13     | Got Taurghom's Exposition on Misty Death
 19393 | D:13     | HP: 63/79 [centaur warrior/arrow (16)]
 19398 | D:13     | HP: 44/79 [vampire mosquito (11)]
 19431 | D:13     | HP: 56/79 [centaur warrior/arrow (23)]
 19524 | D:13     | HP: 75/79 [centaur warrior (4)]
 19536 | D:13     | Found a gate to the Vaults.
 19554 | D:13     | HP: 63/79 [efreet/bolt of fire (16)]
 19572 | D:13     | HP: 58/79 [vault guard/+0 great sword (21)]
 19580 | D:13     | HP: 67/79 [fire elemental[a deep elf pyromancer] (12)]
 19584 | D:13     | Noticed Lodul
 19591 | D:13     | HP: 74/79 [kobold demonologist/+0 dagger (2)]
 19600 | D:13     | HP: 77/79 [poisoned by a kobold brigand]
 19605 | D:13     | HP: 78/79 [poisoned by a kobold brigand]
 19610 | D:13     | Killed Lodul
 19617 | D:13     | HP: 73/80 [manticore/volley of spikes (7)]
 19623 | D:13     | HP: 71/80 [slime creature (2)]
 19630 | D:13     | HP: 56/80 [two-headed ogre/+0 dire flail (24)]
 19666 | D:13     | HP: 75/80 [vault guard/+0 battleaxe (5)]
 19722 | D:13     | Found a frozen archway.
 19728 | D:13     | HP: 66/80 [rime drake/icy flash freeze (14)]
 19738 | IceCv    | Entered an ice cave
 19756 | IceCv    | HP: 69/80 [death yak simulacrum (11)]
 19812 | IceCv    | HP: 75/80 [wolf simulacrum (5)]
 19831 | IceCv    | HP: 65/69 [ice statue] (4)]
 19835 | IceCv    | HP: 31/70 [harpy simulacrum (8)]
 19888 | IceCv    | Got the Notes on the Glacier
 20000 | D:13     | HP: 70/74 [vampire (4)]
 20006 | D:13     | HP: 60/74 [cyclops (14)]
 20007 | D:13     | HP: 29/74 [centaur warrior/arrow (32)]
 20008 | D:13     | You fall into a shaft and drop 2 floors!
 20008 | D:15     | Entered Level 15 of the Dungeon
 20300 | D:14     | HP: 58/80 [centaur warrior/arrow (22)]
 20305 | D:14     | HP: 50/80 [meliai/divine providence (16)]
 20306 | D:14     | Reached skill level 19 in Unarmed Combat
 20312 | D:14     | HP: 35/80 [meliai/+0 war axe (6)]
 20494 | D:13     | HP: 73/76 [ufetubus (2)]
 20630 | D:13     | HP: 65/76 [electric eel/bolt of electricity (11)]
 20640 | D:13     | HP: 58/77 [centaur warrior (1)]
 20710 | D:13     | HP: 69/81 [wolf spider simulacrum (12)]
 20897 | D:14     | HP: 61/81 [efreet/fireball (20)]
 20984 | D:14     | HP: 62/81 [slime creature (19)]
 21025 | D:14     | HP: 77/81 [vampire mosquito (4)]
 21040 | D:14     | HP: 71/81 [vampire mosquito (10)]
 21145 | D:14     | HP: 65/81 [skeletal warrior/+0 mace (16)]
 21149 | D:14     | HP: 28/81 [skeletal warrior/+0 mace (19)]
 21150 | D:14     | HP: 8/81 [skeletal warrior/+0 mace (21)]
 21426 | D:14     | HP: 61/81 [skeletal warrior/+0 glaive (20)]
 21450 | D:14     | HP: 69/81 [skeletal warrior/+0 trident (12)]
 21461 | D:14     | Reached skill level 15 in Stealth
 21607 | D:15     | HP: 52/81 [skeletal warrior/+0 glaive (29)]
 21609 | D:15     | HP: 25/81 [skeletal warrior/+0 glaive (30)]
 21721 | D:14     | HP: 66/81 [white ugly thing (15)]
 21754 | D:15     | HP: 60/81 [two-headed ogre/+0 dire flail (21)]
 21763 | D:14     | HP: 66/81 [ogre mage/+2 whip of holy wrath (12)]
 21872 | D:15     | HP: 63/81 [two-headed ogre/+0 giant club (18)]
 21930 | D:15     | HP: 76/81 [green ugly thing (5)]
 21935 | D:15     | HP: 63/81 [poisoned by a green ugly thing]
 21939 | D:15     | HP: 29/81 [poisoned by a green ugly thing]
 21941 | D:15     | HP: 12/81 [white ugly thing (4)]
 21944 | D:15     | Reached XP level 15. HP: 35/85 MP: 8/14
 21946 | D:15     | HP: 57/85 [poisoned by a green ugly thing]
 21951 | D:15     | HP: 58/85 [poisoned by a green ugly thing]
 21993 | D:15     | HP: 70/85 [four-headed hydra (15)]
 22067 | D:15     | Noticed Roxanne
 22073 | D:15     | Killed Roxanne
 22166 | D:15     | Found a staircase to the Depths.
 22173 | D:15     | HP: 75/77 [fire dragon (2)]
 22370 | D:15     | HP: 72/80 [skeletal warrior/+0 flail (8)]
 22382 | D:15     | HP: 66/82 [skeletal warrior/+0 short sword (16)]
 22673 | Orc:2    | Bought a book of Battle for 416 gold pieces
 22678 | Orc:2    | Learned a level 4 spell: Manifold Assault
 22683 | Orc:2    | Learned a level 4 spell: Vhi's Electric Charge
 22903 | Depths:1 | Entered Level 1 of the Depths
 22912 | Depths:1 | HP: 70/81 [spark wasp (11)]
 22918 | Depths:1 | HP: 33/83 [spark wasp (26)]
 22965 | Depths:1 | HP: 48/85 [ettin/+0 dire flail (37)]
 23067 | Depths:1 | Found an ancient bone altar of Kikubaaqudgha.
 23106 | Depths:1 | Found Fueschoph's Jewellery Boutique.
 23110 | Depths:1 | Found Litsasaf's Book Emporium.
 23111 | Depths:1 | Found Haeqaf's Jewellery Boutique.
 23129 | Depths:1 | Bought the ring of Tiaggyr {rElec rPois rCorr MP-9 Dex+6}
                  | for 736 gold pieces
 23367 | Spider:1 | Entered Level 1 of the Spider Nest
 23380 | Spider:1 | HP: 71/84 [entropy weaver (13)]
 23392 | Lair:3   | HP: 69/85 [tarantella (16)]
 23400 | Lair:3   | HP: 68/85 [jumping spider (6)]
 23514 | Spider:1 | HP: 70/85 [jumping spider (15)]
 23518 | Lair:3   | HP: 32/85 [jumping spider (15)]
 23523 | Lair:3   | HP: 23/85 [poisoned by a redback]
 23528 | Lair:3   | HP: 23/85 [poisoned by a redback]
 23586 | Spider:1 | HP: 70/85 [redback (15)]
 23596 | Spider:1 | HP: 74/85 [wolf spider (11)]
 23605 | Spider:1 | Reached skill level 1 in Spellcasting
 23662 | Spider:1 | HP: 70/85 [entropy weaver (15)]
 23683 | Spider:1 | HP: 67/85 [wolf spider (18)]
 23688 | Spider:1 | HP: 52/85 [poisoned by a redback]
 23692 | Lair:3   | HP: 10/85 [wolf spider (21)]
 23693 | Lair:3   | Slain by a wolf spider
 23693 | Lair:3   | Lost a life (1 life remaining)
 23714 | Lair:3   | HP: 83/85 [wolf spider (2)]
 23732 | Spider:1 | HP: 63/85 [boulder beetle (22)]
 23759 | Spider:1 | HP: 79/85 [redback (6)]
 23795 | Spider:1 | HP: 69/85 [demonic crawler (16)]
 23804 | Spider:1 | HP: 79/85 [demonic crawler (6)]
 23811 | Spider:1 | HP: 14/85 [disintegration (71)]
 23892 | Spider:1 | HP: 69/85 [demonic crawler (16)]
 23897 | Spider:1 | HP: 50/85 [redback (12)]
 23916 | Spider:1 | HP: 77/85 [meliai/divine providence (8)]
 23944 | Spider:1 | HP: 78/85 [wolf spider (7)]
 23952 | Spider:1 | HP: 70/85 [demonic crawler (9)]
 23964 | Spider:1 | HP: 77/85 [emperor scorpion (8)]
 24002 | Spider:1 | HP: 83/85 [jumping spider (2)]
 24059 | Spider:1 | HP: 77/85 [emperor scorpion (8)]
 24085 | Spider:1 | HP: 80/85 [demonic crawler (5)]
 24103 | Spider:1 | HP: 82/85 [vampire mosquito (3)]
 24115 | Spider:1 | HP: 73/85 [demonic crawler (12)]
 24383 | Spider:2 | HP: 81/85 [jumping spider (4)]
 24404 | Spider:2 | HP: 75/85 [demonic crawler (10)]
 24425 | Spider:2 | HP: 60/85 [emperor scorpion (25)]
 24430 | Spider:2 | HP: 53/85 [emperor scorpion (3)]
 24449 | Spider:2 | HP: 63/85 [tarantella (12)]
 24455 | Spider:2 | HP: 59/85 [entropy weaver (10)]
 24467 | Spider:2 | HP: 79/85 [jumping spider (5)]
 24490 | Spider:2 | HP: 71/85 [tarantella (14)]
 24537 | Spider:2 | HP: 79/85 [wolf spider (6)]
 24661 | Spider:2 | HP: 61/85 [culicivora (24)]
 24669 | Spider:2 | HP: 75/85 [culicivora (7)]
 24814 | Spider:2 | HP: 71/79 [redback (8)]
 24861 | Spider:2 | HP: 79/80 [entropy weaver (1)]
 24876 | Spider:2 | HP: 62/82 [culicivora (20)]
 25016 | Spider:2 | HP: 69/82 [steelbarb worm (13)]
 25171 | Spider:2 | HP: 72/83 [broodmother (11)]
 25324 | Spider:3 | Reached XP level 16. HP: 89/90 MP: 9/18
 25324 | Spider:3 | Gained a life (2 lives remaining)
 25325 | Spider:3 | HP: 77/90 [steelbarb worm (13)]
 25331 | Spider:3 | HP: 84/90 [entropy weaver (6)]
 25397 | Spider:3 | HP: 86/90 [tarantella[a torpor snail] (4)]
 25402 | Spider:3 | HP: 64/90 [poisoned by a redback]
 25407 | Spider:3 | HP: 36/90 [poisoned by a redback]
 25412 | Spider:3 | HP: 26/90 [poisoned by a redback]
 25417 | Spider:3 | HP: 22/90 [poisoned by a redback]
 25589 | Spider:3 | Found a large runed translucent door.
 25589 | Spider:3 | Found a large runed translucent door.
 25590 | Spider:3 | Found the +1 cloak of Starlight {*Dazzle EV+4 Stlth--}
 25591 | Spider:3 | Noticed Beaer's ghost (journeyman TrFi)
 25591 | Spider:3 | Found the +3 greatsling "Punk" {acid, rCorr}
 25620 | Spider:3 | HP: 75/90 [tarantella (15)]
 25663 | Spider:3 | HP: 86/90 [jumping spider (4)]
 25669 | Spider:3 | HP: 73/90 [disintegration (17)]
 25929 | Spider:3 | HP: 51/90 [Beaer's ghost (39)]
 26022 | Spider:3 | Identified the ring of Mayw Rea {rF+ EV+5}
 26034 | Spider:4 | Entered Level 4 of the Spider Nest
 26049 | Spider:3 | HP: 82/90 [wolf spider (8)]
 26055 | Spider:3 | HP: 48/90 [culicivora (22)]
 26122 | Spider:4 | Reached skill level 15 in Shapeshifting
 26193 | Spider:4 | HP: 84/90 [wolf spider (6)]
 26198 | Spider:4 | HP: 62/90 [poisoned by a wolf spider]
 26203 | Spider:4 | HP: 58/90 [poisoned by a wolf spider]
 26296 | Spider:4 | HP: 78/90 [tarantella (12)]
 26302 | Spider:4 | HP: 83/90 [redback (7)]
 26317 | Spider:4 | HP: 74/90 [culicivora (16)]
 26348 | Spider:4 | HP: 73/90 [disintegration (17)]
 26360 | Spider:4 | HP: 76/90 [emperor scorpion (14)]
 26365 | Spider:4 | HP: 44/90 [poisoned by an emperor scorpion]
 26370 | Spider:4 | HP: 61/90 [poisoned by an emperor scorpion]
 26375 | Spider:4 | HP: 61/90 [poisoned by an emperor scorpion]
 26382 | Spider:4 | HP: 50/90 [redback (15)]
 26428 | Spider:4 | HP: 73/90 [spark wasp (17)]
 26497 | Spider:4 | Noticed Nikola
 26505 | Spider:4 | HP: 80/90 [Nikola/bolt of lightning (10)]
 26526 | Spider:4 | HP: 80/90 [Nikola/+0 rapier of electrocution (10)]
 26528 | Spider:4 | Killed Nikola
 26597 | Spider:4 | HP: 66/81 [meliai/divine providence (15)]
 26661 | Spider:4 | HP: 73/82 [dire elephant (9)]
 26950 | Spider:4 | HP: 82/85 [redback[a torpor snail] (3)]
 27019 | Spider:4 | HP: 69/86 [disintegration (17)]
 27055 | Spider:4 | HP: 67/87 [wolf spider (20)]
 27190 | Spider:4 | HP: 67/90 [disintegration (23)]
 27217 | Spider:4 | HP: 86/90 [emperor scorpion (4)]
 27225 | Spider:4 | HP: 81/90 [emperor scorpion (6)]
 27230 | Spider:4 | HP: 54/90 [emperor scorpion (5)]
 27271 | Spider:4 | HP: 83/90 [redback[a torpor snail] (7)]
 27283 | Spider:4 | HP: 68/90 [emperor scorpion (22)]
 27327 | Spider:4 | Identified the -2 pair of gloves "Qiluriet" {Int+6}
 27334 | Spider:4 | Got a gossamer rune of Zot
 27409 | Spider:4 | Learned a level 2 spell: Blink
 27742 | Depths:1 | Identified the +4 short sword of Wuadwe {antimagic, rElec
                  | rN+ Str-2}
 27743 | Depths:1 | Found a gateway to Hell.
 27750 | Depths:1 | HP: 77/90 [ice dragon (13)]
 27760 | Depths:1 | HP: 82/90 [golden dragon skeleton[a necromancer] (8)]
 27775 | Depths:1 | HP: 46/90 [spriggan rider/+0 spear (25)]
 27776 | Depths:1 | Reached skill level 1 in Translocations
 27781 | Depths:1 | HP: 46/90 [polar bear[a spriggan berserker] (5)]
 27783 | Depths:1 | HP: 14/90 [polar bear[a spriggan berserker] (10)]
 27785 | Depths:1 | Mangled by a spriggan berserker
 27785 | Depths:1 | Lost a life (1 life remaining)
 27786 | Depths:1 | Acquired a manual of Shapeshifting
 27797 | Depths:1 | Found a one-way gate to the infinite horrors of the Abyss.
 27811 | Depths:1 | HP: 70/90 [spriggan berserker/+0 antimagic broad axe (20)]
 27817 | Depths:1 | HP: 84/90 [spriggan rider/stone (6)]
 27952 | Depths:1 | HP: 70/90 [tengu reaver/+1 great mace (20)]
 27955 | Depths:1 | HP: 19/90 [tengu reaver/+1 great mace (23)]
 27956 | Depths:1 | HP: 3/90 [tengu reaver/+1 great mace (12)]
 27982 | Depths:1 | HP: 42/90 [fire dragon (11)]
 27988 | Depths:1 | HP: 62/86 [frost giant/bolt of cold (18)]
 27993 | Depths:1 | HP: 49/87 [frost giant/+0 battleaxe of freezing (17)]
 27994 | Depths:1 | HP: 8/87 [frost giant/+0 battleaxe of freezing (38)]
 27994 | Depths:1 | HP: 2/87 [frost giant/+0 battleaxe of freezing (6)]
 28070 | Depths:1 | HP: 80/87 [frost giant/bolt of cold (7)]
 28101 | Depths:1 | HP: 77/87 [frost giant/+0 battleaxe of freezing (10)]
 28156 | Depths:1 | HP: 80/89 [merfolk impaler/+2 demon trident of
                  | electrocution (9)]
 28186 | Depths:1 | HP: 76/90 [ice dragon/blast of cold (14)]
 28332 | Depths:2 | HP: 82/90 [cyan very ugly thing (8)]
 28342 | Depths:2 | HP: 78/90 [purple very ugly thing (12)]
 28349 | Depths:2 | HP: 87/90 [green very ugly thing (3)]
 28354 | Depths:2 | HP: 65/90 [poisoned by a green very ugly thing]
 28359 | Depths:2 | HP: 46/90 [poisoned by a green very ugly thing]
 28364 | Depths:2 | HP: 53/90 [poisoned by a green very ugly thing]
 28369 | Depths:2 | HP: 51/90 [poisoned by a green very ugly thing]
 28442 | Depths:2 | HP: 60/90 [fire giant/+1 great sword of flaming (30)]
 28453 | Depths:2 | HP: 51/90 [ettin/+0 dire flail (31)]
 28487 | Depths:2 | HP: 65/90 [spectral frost giant (25)]
 28520 | Depths:2 | HP: 51/90 [spriggan rider/+0 spear (21)]
 28523 | Depths:2 | Reached XP level 17. HP: 54/95 MP: 10/19
 28523 | Depths:2 | Gained a life (2 lives remaining)
 28529 | Depths:2 | HP: 76/95 [spriggan air mage/the air (15)]
 28534 | Depths:2 | HP: 73/95 [spriggan rider/+0 rapier (22)]
 28587 | Depths:2 | HP: 86/95 [deep troll (9)]
 28592 | Depths:2 | HP: 85/95 [deep troll (10)]
 28602 | Depths:2 | HP: 73/95 [deep troll (22)]
 28614 | Depths:2 | HP: 87/95 [iron troll (8)]
 28649 | Depths:2 | HP: 75/95 [spriggan air mage/the air (20)]
 28669 | Depths:2 | HP: 39/95 [stone giant/large rock (30)]
 28717 | Depths:2 | HP: 50/95 [stone giant/large rock (44)]
 28718 | Depths:2 | HP: 24/95 [stone giant (27)]
 28727 | Depths:2 | HP: 8/95 [stone giant (42)]
 28790 | Depths:2 | Reached skill level 20 in Unarmed Combat
 28808 | Depths:2 | HP: 91/95 [spectral fire giant (4)]
 28828 | Depths:2 | HP: 49/95 [torment (46)]
 28875 | Depths:2 | HP: 72/82 [something (10)]
 28880 | Depths:2 | HP: 70/88 [spectral spark wasp (9)]
 28962 | Depths:2 | HP: 91/92 [sixfirhy (1)]
 28980 | Depths:2 | HP: 89/94 [green very ugly thing (5)]
 28999 | Depths:2 | HP: 71/95 [hell knight/+3 demon trident (24)]
 29008 | Depths:2 | HP: 63/95 [red ugly thing (8)]
 29030 | Depths:2 | Reached skill level 5 in Translocations
 29035 | Depths:2 | Found a one-way gate leading to the halls of Pandemonium.
 29056 | Depths:2 | HP: 90/95 [glowing orange brain/psychic fangs (5)]
 29062 | Depths:2 | HP: 71/95 [spriggan air mage/the air (24)]
 29084 | Depths:2 | HP: 91/95 [tengu warrior/+0 broad axe (4)]
 29107 | Depths:2 | HP: 80/95 [green very ugly thing (15)]
 29112 | Depths:2 | HP: 69/95 [poisoned by a green very ugly thing]
 29117 | Depths:2 | HP: 89/95 [poisoned by a green very ugly thing]
 29122 | Depths:2 | HP: 93/95 [poisoned by a green very ugly thing]
 29127 | Depths:2 | HP: 66/95 [poisoned by a green very ugly thing]
 29128 | Depths:2 | HP: 10/95 [stone giant/large rock (56)]
 29135 | Depths:2 | HP: 46/91 [stone giant (6)]
 29138 | Depths:2 | HP: 9/91 [stone giant (20)]
 29294 | Depths:2 | Identified a ring "Bod Reliuky" {Ice rPois SInv}
 29294 | Depths:2 | Noticed Josephina
 29309 | Depths:2 | HP: 52/87 [Josephina/ghostly fireball (35)]
 29317 | Depths:2 | HP: 47/87 [Josephina/staff of cold (12)]
 29317 | Depths:2 | HP: 15/87 [Josephina/staff of cold (10)]
 29320 | Depths:2 | Killed from afar by Josephina
 29320 | Depths:2 | Lost a life (1 life remaining)
 29332 | Depths:2 | HP: 74/95 [spriggan air mage/the air (21)]
 29601 | Swamp:1  | Entered Level 1 of the Swamp
 29604 | Swamp:1  | Noticed a tentacled monstrosity
 29608 | Swamp:1  | Noticed kalagan's ghost (adept DECj)
 29621 | Swamp:1  | Found a transporter.
 29660 | Swamp:1  | Found a transporter.
 29761 | Swamp:1  | HP: 80/95 [fenstrider witch (15)]
 29767 | Swamp:1  | HP: 45/95 [spriggan rider/+0 spear (7)]
 29769 | Swamp:1  | HP: 17/95 [alligator (25)]
 29770 | Swamp:1  | HP: 2/95 [alligator (24)]
 29859 | Swamp:1  | HP: 83/93 [vampire mosquito (10)]
 29897 | Swamp:1  | HP: 67/95 [bunyip (28)]
 29913 | Swamp:1  | HP: 81/95 [goliath frog (14)]
 29949 | Swamp:1  | HP: 85/95 [alligator (10)]
 30065 | Swamp:1  | HP: 93/95 [swamp dragon (2)]
 30165 | Swamp:1  | HP: 78/95 [bunyip (17)]
 30184 | Swamp:2  | HP: 89/95 [vampire mosquito (6)]
 30396 | Swamp:2  | HP: 84/95 [eleionoma (11)]
 30401 | Swamp:2  | HP: 68/95 [eleionoma/spray of wooden splinters (20)]
 30520 | Swamp:2  | Identified the serpent talisman of the Elven Halls {Int+4}
 30520 | Swamp:2  | Noticed Aizul
 30529 | Swamp:2  | HP: 91/95 [spriggan/+0 dagger[a spriggan druid] (4)]
 30629 | Swamp:2  | Killed Aizul
 30742 | Swamp:3  | HP: 91/95 [swamp dragon/blast of poison (4)]
 30748 | Swamp:3  | HP: 85/95 [swamp dragon (10)]
 30753 | Swamp:3  | HP: 82/95 [alligator (13)]
 30766 | Swamp:3  | HP: 79/95 [goliath frog (16)]
 30772 | Swamp:3  | HP: 58/95 [goliath frog (22)]
 31051 | Swamp:3  | HP: 92/96 [ghost crab] (4)]
 31056 | Swamp:3  | HP: 76/96 [ghost crab] (8)]
 31143 | Swamp:3  | HP: 55/96 [eleionoma/spray of wooden splinters (41)]
 31318 | Swamp:4  | Entered Level 4 of the Swamp
 31339 | Swamp:4  | HP: 92/96 [swamp dragon/blast of poison (4)]
 31344 | Swamp:3  | HP: 85/96 [swamp dragon (11)]
 31349 | Swamp:3  | HP: 68/96 [poisoned by a swamp dragon (blast of poison)]
 31354 | Swamp:3  | HP: 67/96 [poisoned by a swamp dragon (blast of poison)]
 31397 | Swamp:4  | HP: 92/96 [seven-headed hydra (4)]
 31405 | Swamp:4  | HP: 92/96 [swamp dragon (4)]
 31416 | Swamp:4  | HP: 87/96 [four-headed hydra (9)]
 31423 | Swamp:4  | HP: 93/96 [four-headed hydra (3)]
 31451 | Swamp:4  | HP: 93/96 [swamp dragon/blast of poison (3)]
 31456 | Swamp:4  | HP: 87/96 [poisoned by a swamp dragon (blast of poison)]
 31462 | Swamp:4  | HP: 94/96 [poisoned by a swamp dragon (blast of poison)]
 31464 | Swamp:4  | Reached XP level 18. HP: 101/101 MP: 10/19
 31464 | Swamp:4  | Gained a life (2 lives remaining)
 31467 | Swamp:4  | HP: 86/101 [swamp dragon (15)]
 31473 | Swamp:4  | HP: 99/101 [eleionoma (2)]
 31476 | Swamp:4  | HP: 31/101 [eleionoma/spray of wooden splinters (54)]
 31483 | Swamp:4  | HP: 51/96 [six-headed hydra (4)]
 31515 | Swamp:4  | HP: 76/99 [bog body/bolt of cold (23)]
 31521 | Swamp:4  | HP: 95/100 [bog body (5)]
 31529 | Swamp:4  | HP: 89/100 [six-headed hydra (6)]
 31534 | Swamp:4  | HP: 99/101 [eight-headed hydra (2)]
 31557 | Swamp:4  | Got a decaying rune of Zot
 31564 | Swamp:4  | HP: 96/101 [swamp dragon/blast of poison (5)]
 31690 | Swamp:4  | HP: 97/101 [six-headed hydra (4)]
 31698 | Swamp:4  | HP: 75/101 [will-o-the-wisp/foxfire (26)]
 31703 | Swamp:4  | HP: 42/101 [will-o-the-wisp/foxfire (17)]
 31717 | Swamp:4  | HP: 48/102 [swamp worm/harpoon shot (13)]
 31735 | Swamp:4  | HP: 81/102 [six-headed hydra (16)]
 31784 | Swamp:4  | HP: 83/102 [swamp worm (19)]
 32172 | Elf:1    | Entered Level 1 of the Elven Halls
 32178 | Elf:1    | Reached skill level 21 in Unarmed Combat
 32337 | Elf:1    | HP: 89/102 [+2 battleaxe of venom (13)]
 32348 | Elf:1    | You are sucked into a shaft and drop 1 floor!
 32369 | Elf:2    | HP: 90/102 [+2 war axe of electrocution (12)]
 32388 | Elf:2    | HP: 88/102 [+3 halberd of freezing (14)]
 32425 | Elf:2    | Found a runed translucent gate.
 32425 | Elf:2    | Found a runed translucent gate.
 32426 | Elf:2    | HP: 80/102 [+5 glaive of flaming (22)]
 32429 | Elf:2    | HP: 39/102 [+3 antimagic dire flail (25)]
 32429 | Elf:2    | HP: 16/102 [+5 glaive of flaming (12)]
 32431 | Elf:2    | HP: 1/97 [+5 glaive of flaming (12)]
 32431 | Elf:2    | Slain by a +5 glaive of flaming
 32431 | Elf:2    | Lost a life (1 life remaining)
 32738 | Elf:1    | HP: 94/102 [air elemental (8)]
 32779 | Elf:1    | HP: 72/102 [+3 scimitar of electrocution (30)]
 32862 | Elf:1    | Found Fiwis's Assorted Antiques.
 32874 | Elf:1    | Bought a sedimented dark potion for 27 gold pieces
 32874 | Elf:1    | Bought a scroll of identify for 60 gold pieces
 32874 | Elf:1    | Bought a potion of curing for 90 gold pieces
 32961 | Elf:1    | Gained mutation: You are robust. (+10% HP) [potion of
                  | mutation]
 32962 | Elf:1    | Lost mutation: You are robust. (+10% HP) [potion of
                  | mutation]
 32962 | Elf:1    | Gained mutation: You expend magic power (3 MP) to
                  | strengthen your wands. [potion of mutation]
 32962 | Elf:1    | Gained mutation: Your mind is acute. (Int +4, Str/Dex -1)
                  | [potion of mutation]
 32963 | Elf:1    | Lost mutation: Your mind is acute. (Int +4, Str/Dex -1)
                  | [potion of mutation]
 32963 | Elf:1    | Lost mutation: You expend magic power (3 MP) to strengthen
                  | your wands. [potion of mutation]
 32963 | Elf:1    | Gained mutation: You are strong-willed. (Will+) [potion of
                  | mutation]
 32963 | Elf:1    | Gained mutation: Your mind is acute. (Int +4, Str/Dex -1)
                  | [potion of mutation]
 33190 | Elf:2    | Found Fieskemo's Distillery.
 33196 | Elf:2    | Bought 2 potions of haste for 240 gold pieces
 33196 | Elf:2    | Bought 2 potions of magic for 192 gold pieces
 33230 | Elf:2    | HP: 83/94 [deep elf zephyrmancer/bolt of lightning (11)]
 33235 | Elf:2    | HP: 52/94 [+2 scimitar of protection (24)]
 33242 | Elf:2    | HP: 35/96 [deep elf knight/shard of ice (22)]
 33247 | Elf:2    | HP: 43/97 [deep elf knight/+0 short sword (11)]
 33281 | Elf:2    | HP: 66/98 [fire elemental[a deep elf pyromancer] (12)]
 33291 | Elf:2    | HP: 67/101 [deep elf archer/+0 dagger (6)]
 33333 | Elf:2    | HP: 77/102 [+4 scimitar of holy wrath (25)]
 33373 | Elf:2    | HP: 74/102 [+4 halberd of protection (28)]
 33377 | Elf:2    | HP: 35/102 [+4 halberd of protection (31)]
 33454 | Elf:2    | HP: 81/102 [deep elf knight/+0 long sword (21)]
 33464 | Elf:2    | HP: 68/102 [burnt (2)]
 33492 | Elf:2    | HP: 100/102 [deep elf pyromancer/+0 battleaxe (2)]
 33525 | Elf:2    | Acquired a manual of Shapeshifting
 33587 | Elf:2    | HP: 74/102 [deep elf archer/arrow (28)]
 33592 | Elf:2    | HP: 62/102 [deep elf archer/arrow (18)]
 33631 | Elf:2    | HP: 94/102 [burnt (8)]
 33636 | Elf:2    | HP: 62/102 [burnt (9)]
 33696 | Elf:2    | HP: 94/102 [+8 dagger (8)]
 33700 | Elf:2    | Found a runed translucent gate.
 33872 | Elf:3    | Entered Level 3 of the Elven Halls
 33970 | Elf:3    | HP: 79/102 [+1 trident of venom (23)]
 33984 | Elf:3    | HP: 67/102 [burnt (6)]
 33989 | Elf:3    | HP: 40/102 [burnt (4)]
 33991 | Elf:3    | HP: 2/102 [deep elf archer/arrow (29)]
 33991 | Elf:3    | Slain by a deep elf pyromancer
 33991 | Elf:3    | Lost a life (0 lives remaining)
 34043 | Elf:3    | HP: 87/102 [deep elf high priest/+0 scimitar (15)]
 34052 | Elf:3    | HP: 96/102 [deep elf zephyrmancer/+0 dagger[a deep elf high
                  | priest] (6)]
 34057 | Elf:3    | HP: 92/102 [deep elf zephyrmancer/bolt of lightning[a deep
                  | elf high priest] (10)]
 34097 | Elf:3    | HP: 94/102 [deep elf zephyrmancer/+0 long sword (8)]
 34177 | Elf:3    | HP: 89/102 [deep elf high priest/divine providence (13)]
 34183 | Elf:3    | HP: 72/102 [deep elf high priest/damnation (24)]
 34189 | Elf:3    | HP: 66/102 [deep elf blademaster/+0 short sword (12)]
 34211 | Elf:3    | Noticed Bai Suzhen
 34255 | Elf:3    | HP: 93/102 [deep elf death mage/+0 short sword (9)]
 34411 | Elf:3    | HP: 80/87 [Bai Suzhen] (7)]
 34416 | Elf:3    | HP: 54/87 [Bai Suzhen] (9)]
 34419 | Elf:3    | Killed Bai Suzhen
 34419 | Elf:3    | HP: 24/87 [something (5)]
 34516 | Elf:3    | HP: 79/92 [burnt (13)]
 34519 | Elf:3    | HP: 39/92 [burnt (7)]
 34552 | Elf:3    | HP: 66/92 [deep elf zephyrmancer/bolt of lightning (11)]
 34572 | Elf:3    | HP: 64/92 [deep elf knight/+0 short sword (17)]
 34829 | Elf:3    | HP: 85/98 [deep elf elementalist] (13)]
 34841 | Elf:3    | HP: 81/99 [deep elf death mage/vampiric draining (18)]
 34867 | Elf:3    | HP: 71/101 [deep elf elementalist/blast of rock fragments
                  | (30)]
 34919 | Elf:3    | Reached skill level 10 in Translocations
 34941 | Elf:3    | Identified the +1 mace of the End of Times {heavy, Str+3}
 34963 | Elf:3    | HP: 89/102 [deep elf demonologist/+2 long sword of holy
                  | wrath (13)]
 35020 | Elf:3    | HP: 73/102 [deep elf sorcerer/damnation (29)]
 35079 | Elf:3    | Reached XP level 19. HP: 107/107 MP: 11/20
 35079 | Elf:3    | Gained a life (1 life remaining)
 35113 | Elf:3    | HP: 105/107 [deep elf death mage/+0 rapier (2)]
 35176 | Elf:3    | HP: 97/107 [deep elf annihilator/+0 rapier (10)]
 35216 | Elf:3    | HP: 90/107 [deep elf sorcerer/damnation (17)]
 35221 | Elf:3    | HP: 70/107 [deep elf sorcerer/damnation (26)]
 35385 | Elf:3    | HP: 100/107 [deep elf demonologist/+2 flail of holy wrath
                  | (7)]
 35394 | Elf:3    | HP: 62/107 [deep elf master archer/arrow (45)]
 35423 | Elf:3    | HP: 64/107 [deep elf master archer/arrow (32)]
 35491 | Elf:3    | HP: 143/160 [deep elf blademaster/+0 short sword (17)]
 35499 | Elf:3    | HP: 127/160 [deep elf blademaster/+0 short sword (20)]
 35609 | Elf:3    | Identified the +4 ring mail of Shielding {Will+ rCorr}
 35611 | Elf:3    | HP: 95/107 [something] (12)]
 35639 | Elf:3    | HP: 91/107 [deep elf master archer/arrow (16)]
 35952 | Elf:3    | Identified the blade talisman of the Lumpy Interlopers {rF+
                  | Will+ Str+3 Stlth+}
 35980 | Elf:3    | Learned a level 2 spell: Lesser Beckoning
 36409 | Depths:2 | HP: 86/107 [hell knight/+2 scimitar of draining (21)]
 36413 | Depths:2 | HP: 40/104 [Josephina/icy flash freeze (43)]
 36496 | Depths:2 | Killed Josephina
 36502 | Depths:2 | HP: 67/84 [tengu reaver simulacrum[Josephina] (12)]
 36504 | Depths:2 | HP: 17/84 [tengu reaver simulacrum[Josephina] (22)]
 36643 | Depths:2 | HP: 71/85 [guardian mummy/stone (14)]
 36670 | Depths:2 | HP: 71/85 [guardian mummy/iceblast (14)]
 36685 | Depths:2 | HP: 75/85 [something (10)]
 36769 | Depths:2 | HP: 44/86 [??? (42)]
 36813 | Depths:2 | HP: 45/87 [??? (42)]
 36829 | Depths:2 | HP: 32/87 [torment (29)]
 36886 | Depths:2 | Noticed a royal mummy
 37463 | Depths:2 | HP: 52/89 [royal mummy/staff of conjuration (37)]
 37468 | Depths:2 | Killed a royal mummy
 37546 | Depths:2 | HP: 87/97 [spectral golden dragon (10)]
 37762 | Vaults:1 | Entered Level 1 of the Vaults
 37789 | Vaults:1 | You fall into a shaft and drop 1 floor!
 37794 | Vaults:2 | HP: 92/100 [vault warden/+1 broad axe of electrocution (8)]
 38024 | Vaults:1 | HP: 85/105 [vault guard/+0 long sword[a vault warden] (20)]
 38033 | Vaults:2 | HP: 72/106 [vault guard/+0 great mace[a vault warden] (23)]
 38042 | Vaults:2 | HP: 84/106 [vault guard/+0 long sword[a vault warden] (9)]
 38106 | Vaults:1 | HP: 94/107 [deep troll[an ironbound preserver] (13)]
 38122 | Vaults:1 | Reached skill level 22 in Unarmed Combat
 38122 | Vaults:1 | HP: 98/107 [deep troll[an ironbound preserver] (8)]
 38132 | Vaults:1 | HP: 98/107 [dire elephant (7)]
 38147 | Vaults:1 | HP: 90/107 [dire elephant (17)]
 38189 | Vaults:1 | HP: 77/107 [ironbound convoker/+0 great mace (30)]
 38267 | Vaults:1 | HP: 73/107 [vault warden/+2 long sword of holy wrath (34)]
 38309 | Vaults:1 | HP: 91/107 [ironbound thunderhulk/bolt of lightning (16)]
 38317 | Vaults:1 | Reached skill level 15 in Fighting
 38561 | Vaults:1 | HP: 77/108 [vault warden/+0 war axe (31)]
 38572 | Vaults:1 | HP: 89/108 [ironbound thunderhulk/+0 dire flail (6)]
 38596 | Vaults:1 | HP: 90/108 [yaktaur/bolt (18)]
 38767 | Vaults:1 | HP: 96/108 [deep troll[an ironbound preserver] (12)]
 38800 | Vaults:1 | HP: 96/108 [dire elephant (12)]
 38827 | Vaults:1 | Noticed Donald
 38833 | Vaults:1 | HP: 85/108 [dire elephant (23)]
 38842 | Vaults:1 | HP: 84/108 [dire elephant (24)]
 38852 | Vaults:1 | Killed Donald
 38990 | Vaults:1 | HP: 72/108 [dire elephant (36)]
 38998 | Vaults:1 | HP: 101/108 [dire elephant (3)]
 39175 | Vaults:1 | HP: 86/108 [deep troll[an ironbound preserver] (22)]
 39247 | Vaults:2 | HP: 85/108 [centaur warrior/arrow (23)]
 39281 | Vaults:2 | HP: 82/108 [vampire knight/+2 great mace (11)]
 39310 | Vaults:2 | Found a staircase to the Crypt.
 39315 | Vaults:2 | HP: 101/108 [centaur warrior (7)]
 39371 | Vaults:2 | HP: 98/108 [deep troll[an ironbound preserver] (10)]
 39550 | Vaults:2 | HP: 90/108 [deep troll[an ironbound preserver] (18)]
 39557 | Vaults:2 | HP: 71/108 [deep troll[an ironbound preserver] (11)]
 39886 | Vaults:2 | HP: 101/108 [ironbound preserver/+0 morningstar (7)]
 39896 | Vaults:2 | HP: 96/108 [deep troll[an ironbound preserver] (12)]
 39904 | Vaults:2 | HP: 92/108 [ironbound preserver/+0 great mace[a vault
                  | warden] (9)]
 39923 | Vaults:2 | Reached XP level 20. HP: 113/113 MP: 15/24
 39925 | Vaults:2 | HP: 94/113 [vault guard/+0 broad axe[a vault warden] (19)]
 39931 | Vaults:2 | HP: 90/113 [vault guard/+0 broad axe[a vault warden] (8)]
 39937 | Vaults:2 | HP: 81/113 [vault warden/+0 great sword (32)]
 40018 | Vaults:2 | HP: 94/113 [great orb of eyes (19)]
 40329 | Vaults:3 | HP: 95/113 [deep troll[an ironbound preserver] (18)]
 40429 | Vaults:3 | HP: 104/113 [ironbound convoker/+0 mace (9)]
 40440 | Vaults:3 | HP: 68/113 [ironbound preserver/+0 morningstar (45)]
 40443 | Vaults:3 | HP: 32/113 [ironbound preserver/+0 morningstar (28)]
 40479 | Vaults:3 | Acquired the ring "Woneu" {Wiz rElec Int+3}
 40491 | Vaults:3 | Noticed Zenata
 40495 | Vaults:3 | HP: 78/96 [Zenata/a resonance strike (18)]
 40502 | Vaults:3 | HP: 14/96 [Zenata/+4 triple sword (44)]
 40506 | Vaults:3 | Killed Zenata
 40560 | Vaults:3 | HP: 89/100 [sphinx/divine providence (11)]
 40579 | Vaults:3 | Found Ofave's Antique Armour Boutique.
 40667 | Vaults:3 | HP: 101/104 [cyan ugly thing[an arcanist] (3)]
 40817 | Vaults:3 | HP: 92/105 [yaktaur captain (13)]
 40833 | Vaults:3 | HP: 76/108 [yaktaur captain/bolt (32)]
 40841 | Vaults:3 | HP: 47/109 [yaktaur captain (10)]
 40923 | Vaults:3 | HP: 104/110 [lindwurm (6)]
 40960 | Vaults:3 | HP: 102/112 [yaktaur captain (10)]
 41126 | Vaults:3 | HP: 92/113 [ironbound thunderhulk/+0 dire flail (21)]
 41194 | Vaults:3 | HP: 112/114 [sphinx (2)]
 41202 | Vaults:3 | HP: 97/114 [slime creature (17)]
 41367 | Vaults:3 | HP: 92/114 [frost giant/bolt of cold (22)]
 41475 | Vaults:4 | Reached skill level 5 in Spellcasting
 41478 | Vaults:4 | HP: 109/114 [vault guard/+0 great mace[a vault warden] (5)]
 41489 | Vaults:4 | HP: 107/114 [vault guard/+0 great mace[a vault warden] (4)]
 41496 | Vaults:4 | HP: 89/114 [vault guard/+0 great mace[a vault warden] (25)]
 41503 | Vaults:4 | HP: 67/114 [vault warden/+1 battleaxe of freezing (27)]
 41506 | Vaults:4 | HP: 31/114 [vault sentinel/+0 long sword[a vault warden]
                  | (20)]
 41545 | Vaults:4 | HP: 89/114 [yaktaur/bolt[a vault warden] (25)]
 41563 | Vaults:4 | HP: 105/114 [ironbound preserver/+0 dire flail[a vault
                  | warden] (9)]
 41705 | Vaults:4 | Found Qeasetuhoz's Armour Shop.
 41720 | Vaults:4 | HP: 111/114 [entropy weaver (3)]
 41727 | Vaults:4 | HP: 81/114 [entropy weaver (11)]
 41776 | Vaults:4 | HP: 103/114 [purple ugly thing[an arcanist] (11)]
 41819 | Vaults:4 | Noticed Mara
 41824 | Vaults:4 | Killed Mara
 41827 | Vaults:4 | HP: 90/107 [yaktaur captain/bolt (12)]
 42043 | Vaults:4 | HP: 80/111 [ironbound preserver/+1 great mace of draining
                  | (31)]
 42050 | Vaults:4 | HP: 70/104 [deep troll[an ironbound preserver] (21)]
 42425 | Vaults:4 | HP: 110/114 [arcanist/+0 dagger (4)]
 42433 | Vaults:4 | HP: 102/114 [red ugly thing[an arcanist] (12)]
 42562 | Vaults:4 | HP: 82/114 [vault warden/+0 great sword (32)]
 42795 | Crypt:1  | Entered Level 1 of the Crypt
 42818 | Crypt:1  | HP: 80/114 [skeletal warrior/+0 dire flail (34)]
 42825 | Vaults:2 | HP: 38/114 [skeletal warrior/+0 war axe (14)]
 42826 | Vaults:2 | HP: 9/114 [skeletal warrior/+0 war axe (29)]
 42948 | Crypt:1  | HP: 100/110 [laughing skull (10)]
 43020 | Crypt:1  | HP: 110/113 [swamp dragon skeleton (3)]
 43143 | Crypt:1  | HP: 58/114 [??? (56)]
 43153 | Crypt:1  | Reached skill level 23 in Unarmed Combat
 43237 | Crypt:1  | HP: 105/114 [soul eater (9)]
 43268 | Crypt:1  | HP: 89/108 [laughing skull/bolt of negative energy (19)]
 43280 | Crypt:1  | HP: 86/108 [ghoul (14)]
 43285 | Crypt:1  | HP: 53/109 [ghoul (27)]
 43290 | Crypt:1  | HP: 64/99 [laughing skull/bolt of negative energy (28)]
 43297 | Crypt:1  | HP: 18/101 [ghoul (23)]
 43302 | Crypt:1  | HP: 36/101 [ghoul (2)]
 43306 | Crypt:1  | HP: 16/101 [ghoul (23)]
 43306 | Crypt:1  | Mangled by a ghoul
 43306 | Crypt:1  | Lost a life (0 lives remaining)
 43372 | Crypt:1  | HP: 105/114 [vampire knight/+1 war axe (9)]
 43378 | Crypt:1  | HP: 92/114 [vampire knight/+1 halberd (19)]
 43721 | Crypt:2  | Noticed a royal mummy
 43732 | Crypt:2  | Found a magical portal.
 43747 | WizLab   | Entered Tukima's Studio
 43984 | WizLab   | Noticed raetorn's illusion
 43992 | WizLab   | HP: 126/133 [+1 long sword of protection (7)]
 44002 | WizLab   | HP: 113/135 [rakshasa/+0 long sword (14)]
 44011 | WizLab   | Identified the +1 cloak "Dit Koha" {rPois rF- rCorr Slay+2}
 44012 | WizLab   | HP: 103/135 [+2 triple crossbow of freezing/bolt (21)]
 44184 | Crypt:2  | HP: 135/139 [green draconian skeleton (4)]
 44216 | Crypt:2  | HP: 128/141 [ghoul (13)]
 44221 | Crypt:2  | HP: 126/141 [ghoul (8)]
 44248 | Crypt:2  | HP: 141/146 [constriction (5)]
 44387 | Crypt:2  | Reached XP level 21. HP: 119/119 MP: 28/28
 44652 | Crypt:2  | Noticed Khufu
 44672 | Crypt:3  | Entered Level 3 of the Crypt
 44689 | Crypt:3  | HP: 141/144 [grey draconian skeleton (1)]
 44743 | Crypt:3  | HP: 131/148 [juggernaut skeleton (17)]
 44771 | Crypt:3  | HP: 136/149 [flayed ghost (13)]
 44847 | Crypt:3  | Found a staircase to the Tomb.
 44863 | Crypt:3  | HP: 146/150 [skeletal warrior/+0 mace (4)]
 44870 | Crypt:3  | HP: 140/152 [skeletal warrior/+0 halberd (12)]
 44883 | Crypt:3  | HP: 150/152 [ghoul (2)]
 44891 | Crypt:3  | HP: 149/154 [ghoul (5)]
 44898 | Crypt:3  | HP: 136/154 [skeletal warrior/+0 halberd (9)]
 44943 | Crypt:3  | HP: 149/154 [ancient champion/+3 great sword of pain (5)]
 44945 | Crypt:3  | Noticed a dread lich
 44954 | Crypt:3  | Killed a dread lich
 45076 | Crypt:3  | HP: 149/154 [spectral caustic shrike (5)]
 45081 | Crypt:3  | HP: 147/154 [spectral quicksilver dragon (3)]
 45158 | Crypt:3  | HP: 148/154 [spectral bunyip (6)]
 45170 | Crypt:3  | HP: 143/154 [spectral caustic shrike (11)]
 45190 | Crypt:3  | HP: 144/154 [shadow wraith (10)]
 45195 | Crypt:3  | HP: 144/154 [phantasmal warrior (3)]
 45204 | Crypt:3  | HP: 147/154 [shadow wraith (7)]
 45210 | Crypt:3  | HP: 152/154 [shadow dragon (2)]
 45293 | Crypt:3  | Got the Lectures on Productive Lightning
 45438 | Crypt:3  | HP: 152/154 [spectral alligator snapping turtle[a revenant]
                  | (2)]
 45452 | Crypt:3  | HP: 151/154 [spectral harpy (3)]
 45474 | Crypt:3  | HP: 145/156 [freezing wraith (11)]
 45484 | Crypt:3  | HP: 125/154 [flayed ghost (10)]
 45498 | Crypt:3  | HP: 146/156 [spectral alligator snapping turtle (2)]
 45515 | Crypt:3  | HP: 149/156 [freezing wraith (7)]
 45548 | Crypt:3  | HP: 148/156 [eidolon (8)]
 45563 | Crypt:3  | HP: 150/156 [phantasmal warrior (6)]
 45650 | Crypt:3  | HP: 149/156 [skeletal warrior/+0 glaive (7)]
 45666 | Crypt:3  | HP: 142/156 [skeletal warrior/+0 dire flail[an ancient
                  | champion] (14)]
 45897 | Crypt:3  | Identified the staff of Toggac {rElec Conj}
 46326 | Depths:3 | HP: 142/156 [tengu reaver/bolt of lightning (14)]
 46333 | Depths:3 | HP: 131/156 [ice dragon/blast of cold (22)]
 46338 | Depths:3 | HP: 98/156 [spriggan air mage/the air (7)]
 46344 | Depths:3 | Noticed Jory
 46346 | Depths:3 | HP: 90/156 [red very ugly thing (16)]
 46353 | Depths:3 | Killed Jory
 46374 | Depths:3 | HP: 103/156 [stone giant (9)]
 46431 | Depths:3 | HP: 150/156 [fire giant/bolt of fire (6)]
 46438 | Depths:3 | HP: 110/156 [stone giant/large rock (46)]
 46444 | Depths:3 | HP: 98/156 [sphinx (7)]
 46450 | Depths:3 | HP: 66/156 [frost giant/bolt of cold (28)]
 46467 | Depths:3 | HP: 78/156 [ice dragon (9)]
 46497 | Depths:3 | Noticed a golden dragon
 46499 | Depths:3 | HP: 140/152 [brown very ugly thing (9)]
 46515 | Depths:3 | HP: 128/154 [golden dragon/bolt of fire (26)]
 46516 | Depths:3 | Killed a golden dragon
 46517 | Depths:3 | Reached skill level 24 in Unarmed Combat
 46628 | Depths:3 | HP: 104/156 [ice dragon/blast of cold (52)]
 46632 | Depths:3 | HP: 40/156 [ice dragon/blast of cold (53)]
 46706 | Depths:3 | HP: 150/153 [deep troll (3)]
 46722 | Depths:3 | Reached XP level 22. HP: 126/126 MP: 31/31
 46722 | Depths:3 | Gained a life (1 life remaining)
 46730 | Depths:3 | HP: 149/163 [fire dragon/blast of flame (14)]
 46735 | Depths:3 | HP: 151/163 [fire dragon/blast of flame (6)]
 46772 | Depths:3 | HP: 145/163 [spriggan rider/+0 spear (18)]
 46778 | Depths:3 | HP: 132/163 [spriggan defender/+2 vampiric rapier (5)]
 46833 | Depths:3 | HP: 151/163 [spriggan rider/+0 spear (12)]
 46841 | Depths:3 | HP: 147/163 [spriggan rider/+0 spear (3)]
 46913 | Depths:3 | Found a stormy altar of Qazlal.
 46932 | Depths:3 | Identified the +0 ring mail of Qekidgheo {Rampage *Slow rC+
                  | rN++ Str+2}
 47066 | Depths:3 | Found Tidwoh's Book Shoppe.
 47084 | Depths:3 | HP: 142/163 [stone giant/large rock (21)]
 47133 | Depths:3 | HP: 139/163 [storm dragon (24)]
 47139 | Depths:3 | HP: 137/163 [iron dragon/spray of metal splinters (11)]
 47200 | Depths:4 | Entered Level 4 of the Depths
 47200 | Depths:4 | Noticed a juggernaut
 47204 | Depths:4 | HP: 158/163 [juggernaut (5)]
 47211 | Depths:4 | Killed a juggernaut
 47220 | Depths:3 | HP: 155/163 [hell knight/+2 broad axe (8)]
 47226 | Depths:3 | HP: 153/163 [hell knight simulacrum (9)]
 47277 | Depths:4 | Noticed a juggernaut
 47279 | Depths:4 | HP: 135/163 [juggernaut (28)]
 47286 | Depths:4 | Killed a juggernaut
 47289 | Depths:4 | HP: 131/163 [ice dragon/blast of cold (14)]
 47321 | Depths:3 | HP: 157/163 [deep troll (6)]
 47331 | Depths:4 | HP: 157/163 [fire dragon/blast of flame (6)]
 47336 | Depths:4 | HP: 122/163 [fire dragon/blast of flame (22)]
 47378 | Depths:4 | HP: 160/163 [yellow draconian annihilator/glob of acid (3)]
 47383 | Depths:4 | HP: 148/163 [stone giant (15)]
 47392 | Depths:4 | HP: 99/163 [golden dragon (3)]
 47397 | Depths:3 | HP: 100/163 [stone giant (7)]
 47435 | Depths:4 | HP: 150/163 [fire dragon/blast of flame (13)]
 47444 | Depths:4 | HP: 130/163 [fire dragon/blast of flame (21)]
 47614 | Depths:4 | HP: 161/163 [black draconian/+1 heavy hand axe (2)]
 47622 | Depths:4 | Found a gate to the Realm of Zot.
 47640 | Depths:4 | HP: 151/163 [white draconian/blast of cold (12)]
 47667 | Depths:4 | Found a one-way gateway to a ziggurat.
 47689 | Depths:4 | HP: 157/163 [water elemental (6)]
 47733 | Depths:4 | HP: 147/158 [tengu warrior/+0 halberd (3)]
 47766 | Depths:4 | HP: 152/163 [deep troll (11)]
 47772 | Depths:4 | HP: 143/163 [stone giant (15)]
 47904 | Depths:4 | HP: 155/163 [storm dragon/bolt of lightning (8)]
 47950 | Depths:4 | HP: 159/165 [cacodemon (6)]
 48573 | Slime:1  | Entered Level 1 of the Pits of Slime
 48588 | Slime:1  | HP: 160/165 [slime creature (5)]
 48675 | Slime:5  | Entered Level 5 of the Pits of Slime
 48727 | Slime:5  | HP: 161/165 [slime creature (4)]
 48732 | Slime:5  | HP: 162/165 [slime creature (3)]
 48732 | Slime:5  | Gained mutation: You occasionally lose the ability to drink
                  | potions when taking damage. [a shining eye]
 48740 | Slime:5  | Gained mutation: Your mind is very acute. (Int +8, Str/Dex
                  | -2) [a shining eye]
 48742 | Slime:5  | Gained mutation: Your magical capacity is very low. (-20%
                  | MP) [a shining eye]
 48768 | Slime:5  | Noticed the Royal Jelly
 48770 | Slime:5  | HP: 162/165 [acid (3)]
 48775 | Slime:5  | HP: 126/165 [acid (3)]
 48780 | Slime:5  | Killed the Royal Jelly
 48781 | Slime:5  | HP: 82/165 [rockslime (14)]
 48791 | Slime:5  | HP: 74/165 [quicksilver ooze (7)]
 48971 | Slime:3  | Noticed Dissolution
 48976 | Slime:3  | HP: 163/165 [acid (2)]
 48981 | Slime:3  | Killed Dissolution
 48988 | Slime:3  | HP: 163/165 [slime creature (2)]
 49021 | Slime:4  | HP: 160/165 [acid blob/splash of acid (5)]
 49029 | Slime:4  | HP: 144/165 [formless jellyfish (10)]
 49036 | Slime:3  | HP: 150/165 [constriction (3)]
 49184 | Slime:5  | HP: 161/165 [azure jelly (4)]
 49194 | Slime:5  | Found the +5 Lochaber axe {reach-cleave, Poleaxe ^Drain}
 49218 | Slime:5  | HP: 144/165 [acid blob (21)]
 49225 | Slime:5  | HP: 108/165 [quicksilver ooze (16)]
 49228 | Slime:5  | Reached skill level 25 in Unarmed Combat
 49235 | Slime:5  | HP: 101/165 [quicksilver ooze[the Royal Jelly] (8)]
 49244 | Slime:5  | HP: 102/165 [rockslime (15)]
 49250 | Slime:5  | HP: 84/165 [rockslime (27)]
 49329 | Slime:5  | HP: 163/165 [acid (2)]
 49334 | Slime:5  | HP: 142/165 [rockslime (6)]
 49340 | Slime:5  | HP: 139/165 [acid[the Royal Jelly] (2)]
 49365 | Slime:5  | HP: 163/165 [acid blob/splash of acid (2)]
 49371 | Slime:5  | HP: 148/165 [azure jelly (1)]
 49404 | Slime:5  | Got a slimy rune of Zot
 49427 | Slime:5  | HP: 134/165 [rockslime (31)]
 49434 | Slime:5  | HP: 99/165 [rockslime (45)]
 49521 | Slime:5  | Reached XP level 23. HP: 116/116 MP: 5/29
 49528 | Slime:5  | HP: 136/150 [acid blob (14)]
 50316 | Zot:1    | Entered Level 1 of the Realm of Zot
 50537 | Zot:1    | HP: 162/167 [tentacled monstrosity (5)]
 50706 | Zot:1    | HP: 162/170 [black draconian/bolt of lightning (8)]
 50720 | Zot:1    | HP: 162/171 [tentacled monstrosity (9)]
 50725 | Zot:1    | HP: 160/171 [moth of wrath (7)]
 50730 | Zot:1    | HP: 227/257 [constriction (4)]
 50738 | Zot:1    | HP: 154/171 [purple draconian shifter/bolt of dispelling
                  | energy (10)]
 50753 | Zot:1    | HP: 168/171 [yellow draconian/glob of acid[a purple
                  | draconian shifter] (3)]
 50819 | Zot:1    | HP: 165/171 [yellow draconian/glob of acid (6)]
 51043 | Zot:1    | HP: 167/171 [black draconian knight/bolt of lightning (4)]
 51049 | Zot:1    | HP: 147/171 [purple draconian shifter/bolt of dispelling
                  | energy[a black draconian knight] (24)]
 51056 | Zot:1    | HP: 143/171 [yellow draconian/glob of acid[a black
                  | draconian knight] (12)]
 51088 | Zot:1    | HP: 168/171 [moth of wrath (3)]
 51288 | Zot:2    | HP: 165/172 [death cob (7)]
 51342 | Zot:2    | HP: 163/172 [protean progenitor (9)]
 51348 | Zot:2    | HP: 135/172 [storm dragon (7)]
 51353 | Zot:2    | HP: 134/172 [storm dragon (7)]
 51360 | Zot:2    | HP: 65/172 [protean progenitor (30)]
 51416 | Zot:2    | HP: 146/172 [purple draconian/bolt of dispelling energy[a
                  | red draconian scorcher] (6)]
 51421 | Zot:2    | HP: 148/172 [black draconian/+0 halberd[a red draconian
                  | scorcher] (5)]
 51432 | Zot:2    | HP: 113/172 [black draconian/bolt of lightning[a red
                  | draconian scorcher] (7)]
 51803 | Zot:2    | HP: 157/172 [moth of wrath (15)]
 51815 | Zot:2    | Noticed Parghit
 51871 | Zot:2    | HP: 168/172 [tentacled monstrosity (4)]
 52003 | Zot:2    | Killed Parghit
 52165 | Zot:2    | HP: 163/172 [black draconian knight/+2 great mace of
                  | protection[a black draconian knight] (9)]
 52174 | Zot:2    | HP: 149/154 [purple draconian/+0 glaive[a black draconian
                  | knight] (4)]
 52179 | Zot:2    | HP: 133/156 [black draconian knight/+0 heavy battleaxe[a
                  | purple draconian shifter] (7)]
 52186 | Zot:2    | HP: 133/159 [purple draconian shifter/+0 dagger[a purple
                  | draconian shifter] (3)]
 52191 | Zot:2    | HP: 136/162 [purple draconian shifter/bolt of dispelling
                  | energy[a purple draconian shifter] (3)]
 52208 | Zot:2    | HP: 131/167 [yellow draconian annihilator/glob of acid
                  | (24)]
 52215 | Zot:2    | HP: 139/170 [red draconian/+0 trident[a yellow draconian
                  | annihilator] (2)]
 52227 | Zot:2    | HP: 142/172 [white draconian/blast of cold[a yellow
                  | draconian annihilator] (10)]
 52232 | Zot:2    | HP: 133/172 [white draconian/+0 scimitar[a yellow draconian
                  | annihilator] (5)]
 52262 | Zot:2    | HP: 164/170 [shadow dragon/bolt of negative energy (2)]
 52586 | Zot:3    | HP: 159/172 [purple draconian/bolt of dispelling energy[a
                  | purple draconian shifter] (13)]
 52603 | Zot:3    | HP: 162/172 [purple draconian/+0 battleaxe[a purple
                  | draconian shifter] (7)]
 52630 | Zot:3    | HP: 139/172 [purple draconian/bolt of dispelling energy[a
                  | purple draconian shifter] (33)]
 52636 | Zot:3    | HP: 77/172 [black draconian knight/bolt of lightning[a red
                  | draconian scorcher] (10)]
 52645 | Zot:3    | HP: 80/172 [black draconian knight/+3 long sword of
                  | electrocution[a red draconian scorcher] (6)]
 52655 | Zot:3    | HP: 67/172 [black draconian knight/+3 long sword of
                  | electrocution[a red draconian scorcher] (16)]
 52660 | Zot:3    | HP: 34/172 [black draconian knight/bolt of cold[a red
                  | draconian scorcher] (39)]
 52667 | Zot:3    | HP: 64/163 [black draconian knight/bolt of lightning[a red
                  | draconian scorcher] (6)]
 52765 | Zot:3    | HP: 161/169 [black draconian/+0 glaive[a red draconian
                  | scorcher] (8)]
 52851 | Zot:3    | Found the sphere of Battle
 52915 | Zot:3    | Gained mutation: You are vulnerable to heat. (rF-) [a
                  | shining eye]
 53000 | Zot:3    | Lost mutation: Your magical capacity is very low. (-20% MP)
                  | [potion of mutation]
 53000 | Zot:3    | Lost mutation: You occasionally lose the ability to drink
                  | potions when taking damage. [potion of mutation]
 53000 | Zot:3    | Lost mutation: You are vulnerable to heat. (rF-) [potion of
                  | mutation]
 53000 | Zot:3    | Lost mutation: Your mind is very acute. (Int +8, Str/Dex
                  | -2) [potion of mutation]
 53000 | Zot:3    | Gained mutation: Your muscles are strong. (Str +4, Int/Dex
                  | -1) [potion of mutation]
 53057 | Zot:3    | HP: 157/172 [green draconian/+0 war axe (15)]
 53061 | Zot:3    | Reached skill level 26 in Unarmed Combat
 53140 | Zot:3    | HP: 164/172 [white draconian stormcaller/divine providence
                  | (8)]
 53505 | Zot:4    | HP: 170/172 [death cob (2)]
 53510 | Zot:4    | HP: 163/172 [tentacled monstrosity (2)]
 53515 | Zot:3    | HP: 160/174 [green draconian monk[a green draconian monk]
                  | (12)]
 53544 | Zot:4    | HP: 172/174 [red draconian/searing blast[a green draconian
                  | monk] (2)]
 53549 | Zot:4    | HP: 156/174 [something (9)]
 53569 | Zot:4    | HP: 136/174 [??? (38)]
 53571 | Zot:4    | Reached XP level 24. HP: 139/139 MP: 32/32
 53619 | Zot:4    | HP: 176/180 [shadow dragon (4)]
 53630 | Zot:5    | Entered Level 5 of the Realm of Zot
 53639 | Zot:5    | HP: 170/180 [quicksilver dragon/bolt of dispelling energy
                  | (10)]
 53676 | Zot:5    | HP: 171/180 [tentacled monstrosity (9)]
 53699 | Zot:5    | HP: 178/180 [yellow draconian/glob of acid[a yellow
                  | draconian annihilator] (2)]
 53707 | Zot:5    | HP: 147/180 [black draconian knight/bolt of cold[a yellow
                  | draconian annihilator] (33)]
 53716 | Zot:5    | HP: 144/180 [black draconian knight/+0 war axe[a yellow
                  | draconian annihilator] (12)]
 53798 | Zot:5    | HP: 170/180 [quicksilver dragon/bolt of dispelling energy
                  | (10)]
 53837 | Zot:5    | HP: 170/180 [golden dragon (10)]
 53925 | Zot:5    | HP: 175/180 [constriction (5)]
 53953 | Zot:5    | HP: 155/180 [Orb Guardian (25)]
 53963 | Zot:5    | HP: 142/180 [Orb Guardian (12)]
 54337 | Zot:5    | Noticed an ancient lich
 54344 | Zot:5    | Killed an ancient lich
 54347 | Zot:5    | HP: 176/180 [Orb Guardian (4)]
 54355 | Zot:5    | Noticed a Killer Klown
 54355 | Zot:5    | Noticed a Killer Klown
 54359 | Zot:5    | Noticed a Killer Klown
 54362 | Zot:5    | Killed a Killer Klown
 54363 | Zot:5    | HP: 168/180 [Killer Klown/+11 club (12)]
 54367 | Zot:5    | Killed a Killer Klown
 54379 | Zot:5    | Noticed an orb of fire
 54402 | Zot:5    | HP: 160/180 [Orb Guardian (20)]
 54411 | Zot:5    | Noticed an orb of fire
 54412 | Zot:5    | HP: 139/170 [orb of fire/fireball (21)]
 54415 | Zot:5    | Noticed a Killer Klown
 54423 | Zot:5    | Gained mutation: You are vulnerable to cold. (rC-) [an orb
                  | of fire]
 54426 | Zot:5    | Killed an orb of fire
 54450 | Zot:5    | HP: 160/182 [ghost moth (6)]
 54491 | Zot:5    | Noticed a Killer Klown
 54492 | Zot:5    | Noticed an orb of fire
 54495 | Zot:5    | HP: 178/182 [orb of fire/fireball (4)]
 54504 | Zot:5    | Gained mutation: Your body sometimes deteriorates upon
                  | taking damage. [an orb of fire]
 54507 | Zot:5    | Killed an orb of fire
 54517 | Zot:5    | HP: 158/182 [Killer Klown/+11 club of flaming (24)]
 54520 | Zot:5    | Killed a Killer Klown
 54544 | Zot:5    | HP: 172/182 [Orb Guardian (10)]
 54553 | Zot:5    | HP: 170/182 [quicksilver dragon (12)]
 54570 | Zot:5    | Noticed a Killer Klown
 54571 | Zot:5    | Got the Orb of Zot
 54576 | Zot:5    | HP: 168/182 [Killer Klown/klown pie (14)]
 54578 | Zot:5    | Noticed an ancient lich
 54579 | Zot:5    | Killed a Killer Klown
 54586 | Zot:5    | Killed an ancient lich
 54587 | Zot:5    | Noticed a dread lich
 54591 | Zot:5    | HP: 177/182 [electric golem (5)]
 54596 | Zot:5    | HP: 157/182 [electric golem (5)]
 54597 | Zot:5    | Killed a dread lich
 54613 | Zot:5    | HP: 154/182 [electric golem (8)]
 54628 | Zot:5    | Noticed Esepnarch the pandemonium lord
 54628 | Zot:5    | Noticed an ancient lich
 54634 | Zot:5    | HP: 172/182 [Killer Klown/+11 club of electrocution (7)]
 54636 | Zot:5    | Killed a Killer Klown
 54646 | Zot:5    | HP: 167/182 [balrug/divine providence (15)]
 54655 | Zot:5    | HP: 137/182 [Orb Guardian (30)]
 54657 | Zot:5    | Killed a Killer Klown
 54662 | Zot:5    | Killed an orb of fire
 54665 | Zot:5    | Reached skill level 27 in Unarmed Combat
 54676 | Zot:5    | HP: 118/180 [??? (33)]
 54679 | Zot:5    | Killed an ancient lich
 54681 | Zot:5    | HP: 90/182 [Esepnarch the pandemonium lord (4)]
 54695 | Zot:5    | Killed Esepnarch the pandemonium lord
 54711 | Zot:5    | HP: 92/182 [Orb Guardian (17)]
 54931 | Depths:3 | Lost mutation: You are strong-willed. (Will+) [potion of
                  | mutation]
 54931 | Depths:3 | Lost mutation: Your mind is acute. (Int +4, Str/Dex -1)
                  | [potion of mutation]
 54931 | Depths:3 | Lost mutation: Your muscles are strong. (Str +4, Int/Dex
                  | -1) [potion of mutation]
 54931 | Depths:3 | Gained mutation: You have a pair of small horns on your
                  | head. [potion of mutation]
 54931 | Depths:3 | Gained mutation: Your body often deteriorates upon taking
                  | damage. [potion of mutation]
 54931 | Depths:3 | Gained mutation: Your muscles are strong. (Str +4, Int/Dex
                  | -1) [potion of mutation]
 54932 | Depths:3 | Lost mutation: You are vulnerable to cold. (rC-) [potion of
                  | mutation]
 54932 | Depths:3 | Lost mutation: Your body often deteriorates upon taking
                  | damage. [potion of mutation]
 54932 | Depths:3 | Lost mutation: You have a pair of small horns on your head.
                  | [potion of mutation]
 54932 | Depths:3 | Gained mutation: You have a pair of small horns on your
                  | head. [potion of mutation]
 54950 | Depths:2 | Noticed Zydduo the pandemonium lord
 54952 | Depths:2 | Reached XP level 25. HP: 129/129 MP: 24/32
 54952 | Depths:2 | Gained a life (2 lives remaining)
 54953 | Depths:2 | Killed Zydduo the pandemonium lord
 54979 | Depths:1 | HP: 164/178 [sun demon[a balrug] (14)]
 54987 | Depths:1 | HP: 159/179 [sun demon[a balrug] (7)]
 55082 | D:14     | HP: 146/183 [Hell Sentinel/damnation (37)]
 55155 | D:11     | Noticed Oriusk the pandemonium lord
 55157 | D:11     | HP: 175/185 [Oriusk the pandemonium lord/bolt of fire (10)]
 55163 | D:11     | HP: 134/161 [Oriusk the pandemonium lord (24)]
 55167 | D:11     | Killed Oriusk the pandemonium lord
 55214 | D:9      | HP: 155/167 [daeva/divine providence (12)]
 55263 | D:8      | Noticed Raorph the pandemonium lord
 55268 | D:8      | Killed Raorph the pandemonium lord
 55320 | D:6      | Noticed a seraph
 55323 | D:6      | HP: 102/136 [seraph/+4 great sword of flaming (33)]
 55329 | D:6      | Killed a seraph
 55331 | D:6      | Noticed Jeugru the pandemonium lord
 55335 | D:6      | HP: 95/156 [Jeugru the pandemonium lord (19)]
 55342 | D:6      | HP: 52/156 [Jeugru the pandemonium lord (22)]
 55347 | D:6      | Killed Jeugru the pandemonium lord
 55477 | D:$      | Escaped with the Orb!

Illustrated notes

Levels and vault maps discovered:
D:1:      nzn_arrival_depleted_hourglass, layout_basic
D:2:      layout_basic, basic_altar, nicolae_twisty_statue_hallways,
          uniq_natasha
D:3:      layout_basic, portal_sewer_entry_e, dk_noncrumbling_4
D:4:      layout_cave_pools, lemuel_mausoleum_altar_yredelemnul, minivault_19,
          minmay_misc_feat_square
D:5:      layout_basic, lemuel_round_altar, minivault_23
D:6:      layout_loops_cross, minmay_fractal_squares_diagonal_5
D:7:      layout_basic, minmay_temple_entry_glass
D:8:      layout_basic, gammafunk_temple_overflow_wave, enter_bailey_7,
          uniq_jeremiah, uniq_grum, uniq_gastronok
D:9:      layout_big_octagon, minmay_misc_feat_four_crosses,
          nicolae_shop_self_help, uniq_prince_ribbit1, uniq_joseph, uniq_pikel,
          uniq_maurice, uniq_erolcha, uniq_harold
D:10:     layout_roguey, minmay_lair_entry_lava, orc_0_dummy, st_stairs_13,
          columned_hall_lemuel, nicolae_titane, uniq_sonja
D:11:     layout_gridville
D:12:     layout_long_grid, enter_trove_2, minivault_15, uniq_urug
D:13:     minmay_the_grid_four_pointed_star
          [minmay_the_grid_triangle_9x9_dagger,
          minmay_the_grid_triangle_9x9_minimal,
          minmay_the_grid_triangle_9x9_sprig,
          minmay_the_grid_triangle_9x9_pentomino_pain,
          minmay_the_grid_prize_four_corners_diamond_b], layout_rooms,
          lightli_vaults_fourway_checkpoint, serial_ice, serial_ice_d,
          serial_ice_f, serial_ice_e, serial_ice_c, serial_ice_a, serial_ice_i,
          portal_ice_cave_rime, uniq_lodul
D:14:     layout_loops_cross, chequers_serial_rivers_small_3
D:15:     grunt_enter_depths_hoard, layout_long_grid, nicolae_wwwww,
          uniq_roxanne
Lair:1:   minmay_guarded_unrand_snakebite, layout_regular_city,
          nicolae_quartered_pool_super, lemuel_fruit_tree, grunt_megastairs_2
Lair:2:   layout_regular_city, uniq_fannar, uniq_maggie
Lair:3:   layout_cave_pods, alex1729_swamp_entry_worm_eleionoma,
          dummy_spider_entry, beast_lair_carwin_6, grunt_megastairs_4
Lair:4:   layout_layer_cave, cheibrodos_lair_lostbears
Lair:5:   hangedman_lair_caniforms_friends, layout_cave_shapes, wormcave,
          minmay_slime_entry_oklob_open, uniq_nessos
Swamp:1:  layout_basic_swamp, gammafunk_ghost_arena,
          evilmike_swamp_ruin_house_6, swamp_pool_5, hangedman_swamp_lotus
Swamp:2:  layout_basic_swamp, evilmike_swamp_ruin_rubble_2,
          infiniplex_staircase_pool, uniq_aizul
Swamp:3:  layout_basic_swamp, evilmike_swamp_ruin_rubble_1, swamp_pool_4
Swamp:4:  swamp_basic_johnstein, layout_basic_swamp, swamp_pool_1_2,
          nicolae_swamp_little_swirl
Spider:1: layout_spider_delve, einodemon_crawler_minivault
Spider:2: layout_spider_delve
Spider:3: layout_spider_delve, ebering_ghost_disaster_area, drop_trap,
          nicolae_spider_spiderdrome
Spider:4: grunt_spider_rune_circles, beargit_elvish_explorers, uniq_nikola
Slime:1:  layout_caves
Slime:2:  layout_caves, nicolae_slime_round_cave
Slime:3:  layout_caves, nicolae_slime_rock_hall_of_fame, uniq_dissolution
Slime:4:  layout_caves
Slime:5:  slime_pit_nicolae_amoeboid
Orc:1:    layout_caves, serial_shops, shop, nicolae_orc_pool_cavern,
          nicolae_orc_crystal_seam
Orc:2:    grunt_orc_cross, layout_diamond_mine, gammafunk_ghost_split
Elf:1:    layout_loops_corners, serial_shops, shop, nicolae_elf_crossing_hall
Elf:2:    nicolae_elf_blades_splatter_lattice [grunt_blade_entry_basic],
          layout_geoelf_grid, serial_shops, nicolae_shop_pleasant_corner_grove
Elf:3:    elf_hall, layout_onion_city, uniq_bai_suzhen
Vaults:1: nicolae_vaults_little_squares_4, nicolae_vaults_more_shelving_2,
          nicolae_vaults_hexular_roomagon, vaults_mumra_lcd,
          hangedman_vaults_cutoff, nicolae_vaults_ring_of_whatevers,
          nicolae_vaults_little_squares_6, nicolae_vaults_prndl, v_misc_18,
          layout_vaults_ring, uniq_donald
Vaults:2: minmay_crypt_entry_vampire_xt, v_misc_10,
          nicolae_vaults_closet_pinwheel_6, nicolae_vaults_two_Ls,
          nicolae_vaults_trapezoid_1, hangedman_vaults_maws,
          nicolae_vaults_double_plus_1, nicolae_vaults_variable_pillar_hall,
          nicolae_vaults_tetromino_L_1, nicolae_vaults_stepped_doors,
          layout_vaults_omnibox
Vaults:3: vaults_room_grid, vaults_dpeg_spiral,
          nicolae_vaults_security_offices_4, vaults_room_grunt_arrival_ludios,
          nicolae_vaults_shrinking_rooms_1, grunt_vaults_hallway_short,
          ontoclasm_vaults_hangar, nicolae_vaults_octothorpe,
          vaults_mumra_hexcomb, v_misc_29, nicolae_vaults_variable_pillar_hall,
          layout_vaults_chaotic_city, serial_shops, shop, uniq_zenata
Vaults:4: vaults_room_pool, grunt_vaults_swirl, nicolae_vaults_tetromino_T_1,
          nicolae_vaults_little_squares_3, nicolae_vaults_house_1, v_misc_12,
          nicolae_vaults_theta, vaults_room_hallway, nicolae_vaults_six-pack,
          layout_vaults_quadrants, serial_shops, nicolae_diamond_shop, uniq_mara
Crypt:1:  layout_gridlike, nicolae_crypt_wrong_turn
Crypt:2:  layout_misc_corridors, infiniplex_enter_wizlab_glasses, uniq_khufu
Crypt:3:  due_elkab, layout_chaotic_city, corner_web_ring
Depths:1: layout_cave_pools, hell_entry, abyss_entry, nrook_pool_corridor,
          nicolae_kikubaaqudgha_miasma_corner, minmay_shop_grove
Depths:2: lemuel_minitomb, layout_basic, skrybe_limestone_x, hell_entry,
          hangedman_abyss_entry_splay, grunt_pan_entry_zigzag, uniq_josephina
Depths:3: kennysheep_green_arena, layout_cave_pools, abyss_entry, hell_entry,
          nicolae_qazlal_style_of_elements, serial_shops, kennysheep_little_box,
          uniq_jory
Depths:4: evilmike_zot_entry_diamond, layout_cave_pools, enter_ziggurat_f,
          grunt_metal_band, serial_bayou_pond_e, serial_bayou,
          serial_bayou_pond_b, serial_bayou_pond_b, serial_bayou_lagoon_b,
          serial_bayou_pond_a, grunt_pan_entry_sceptre,
          nicolae_hepliaklqana_hippocampus
Zot:1:    layout_basic, drop_trap
Zot:2:    layout_gridlike, hangedman_spider_trapstep, grunt_megastairs_3,
          uniq_parghit
Zot:3:    layout_twisted_circle
Zot:4:    layout_twisted_circle, grunt_megastairs_5
Zot:5:    layout_onion, drop_trap, grunt_ministairs_14, nicolae_zig_zag_zippers

Skill      XL: |  1  2  3  4  5  6  7  8  9 10 11 12 13 14 15 16 17 18 19 20 21 22 23 24 |
---------------+-------------------------------------------------------------------------+-----
Unarmed Combat | 4 5 6 7 8 10 13 15 17 18 19 20 21 22 23 24 25 26 27 | 27.0
Dodging        | 5 6 7 8 10 11 12 14 16 17 18 19 20 21 22 23 24 | 24.8
Fighting       | 4 5 6 7 8 9 10 11 12 13 14 15 16 17 18 19 | 19.7
Stealth        | 2 6 8 11 12 15 16 18 20 21 22 23 24 25 26 | 26.8
Shapeshifting  | 10 11 14 16 17 18 19 20 21 22 | 22.9
Spellcasting   | 2 4 6 7 8 |  8.0
Translocations | 3 7 10 11 12 | 12.0

Action                     |  1- 3 |  4- 6 |  7- 9 | 10-12 | 13-15 | 16-18 | 19-21 | 22-24 | 25-27 || total
---------------------------+-------+-------+-------+-------+-------+-------+-------+-------+-------++-------
  Melee: Unarmed           |   113 |   240 |   345 |   480 |  1519 |  1244 |  1524 |  1309 |   101 ||  6875
         Bite              |     7 |    19 |    54 |    57 |   208 |   222 |   293 |   221 |    18 ||  1099
         Punch             |     2 |     6 |    12 |    54 |   211 |   200 |   316 |   272 |    21 ||  1094
         Maw               |       |       |       |       |   361 |   492 |   345 |       |       ||  1198
         Headbutt          |       |       |       |       |       |       |       |       |    19 ||    19
   Cast: Apportation       |       |       |       |       |     4 |       |       |       |       ||     4
         Manifold Assault  |       |       |       |       |       |       |       |    23 |     3 ||    26
         Lesser Beckoning  |       |       |       |       |       |       |       |    53 |     5 ||    58
 Invoke: Sacrifice Artific |     1 |       |       |       |       |       |       |       |       ||     1
         Draw Out Power    |       |     1 |       |     1 |     1 |     6 |     4 |     1 |       ||    14
         Sacrifice Love    |       |     1 |       |       |       |       |       |       |       ||     1
         Power Leap        |       |       |     1 |     6 |     9 |     2 |       |       |       ||    18
         Sacrifice Arcana  |       |       |     1 |       |       |       |       |       |       ||     1
         Reject Sacrifices |       |       |     1 |     2 |     1 |       |       |       |       ||     4
         Apocalypse        |       |       |     1 |     2 |     9 |     5 |     7 |     7 |     3 ||    34
         Sacrifice Essence |       |       |     1 |       |       |       |       |       |       ||     1
         Sacrifice Purity  |       |       |       |       |     1 |       |       |       |       ||     1
         Sacrifice Experie |       |       |       |       |     1 |       |       |       |       ||     1
    Use: Potion            |     1 |       |       |       |     4 |     6 |     2 |     9 |     5 ||    27
         Scroll            |       |       |     8 |     7 |     4 |    14 |     4 |     4 |       ||    41
   Stab: Sleeping          |     2 |     3 |     1 |    17 |    43 |    38 |    44 |    15 |       ||   163
         Distracted        |       |     1 |       |     7 |    20 |    17 |    21 |    26 |       ||    92
         Invisible         |       |       |     2 |     4 |     5 |     8 |     8 |     5 |     1 ||    33
         Paralysed         |       |       |     2 |     1 |    12 |     7 |     7 |    17 |     3 ||    49
         Held in net/web   |       |       |       |       |     1 |     4 |       |     2 |       ||     7
         Confused          |       |       |       |       |       |       |       |     1 |       ||     1
 Armour: Skin              |    37 |    57 |    65 |   122 |   322 |   321 |   350 |   482 |    38 ||  1794
  Dodge: Dodged            |   106 |   185 |   266 |   340 |  1081 |  1012 |  1486 |  1528 |   123 ||  6127
   Form: Maw               |       |       |       |       |     2 |     1 |     2 |       |       ||     5
         Blade             |       |       |       |       |     1 |       |     2 |       |       ||     3
         Statue            |       |       |       |       |       |     1 |     2 |       |       ||     3
